 Dungeon Crawl Stone Soup version 0.29-a0-925-g0a7a3d12f8 (console) character file.

Game seed: 17288897286743041376

16665353 atomjack2 the Archmage (level 27, 205/205 HPs)
             Began as a Djinni Conjurer on July 25, 2022.
             Was an Initiate of Gozag.
             Escaped with the Orb
             ... and 15 runes on July 29, 2022!
             The game lasted 09:00:51 (93870 turns).

atomjack2 the Archmage (Djinni Conjurer)           Turns: 93870, Time: 09:00:52

Health: 205/205    AC: 19    Str: 10    XL:     27
Gold:   37848      EV: 34    Int: 36    God:    Gozag SH: 34 Dex: 18

rFire   + + +      SeeInvis +   a - +9 demon whip (elec)
rCold   + . .      Faith    .   q - +8 tower shield {AC+3}
rNeg    + + .      Spirit   .   n - +2 robe {rC+}
rPois   ∞          Reflect  .   r - +3 crown of Dyrovepreva {rElec Int+2 SInv}
rElec   +          Harm     .   G - +0 cloak of a Labyrinth {rF++ MP+9}
rCorr   +          Rampage  .   C - +1 pair of gloves "Peletiol" {rN+ Str+2 Int+2}
Will    ++++.      Archmagi +   (boots unavailable)
Stlth   +.........              U - amulet of Gomi Vant {rN+ Regen+ Int+4 Slay+2 SInv}
HPRegen 2.04/turn               A - ring of the Shrike {rC+ Will+ rCorr EV+4 Dex+2}
MPRegen 0.00/turn               E - ring of the Mage {Wiz Archmagi}

@: flying, studying 2 skills
A: sickness immunity, fire resistance 2, cold vulnerability 1, float, innate
caster, HP casting, extra vitality 1, iridescent scales 1, frail 1,
strong-willed 1, regeneration 1
0: Orb of Zot
}: 15/15 runes: decaying, serpentine, slimy, silver, golden, iron, obsidian,
icy, bone, abyssal, demonic, glowing, magical, fiery, dark
a: Renounce Religion, Potion Petition, Call Merchant, Bribe Branch


You escaped.
You worshipped Gozag.
Gozag was extremely pleased with you.
You visited 18 branches of the dungeon, and saw 87 of its levels.
You visited Pandemonium 1 time, and saw 21 of its levels.
You visited the Abyss 1 time.
You completed 1 ziggurat, and saw 27 of its levels.
You also visited: Gauntlet and Wizlab.

You collected 62391 gold pieces.
You spent 3697 gold pieces at shops.
You paid 20846 gold pieces to Gozag.

Inventory:

Hand Weapons
 a - a +9 demon whip of electrocution (weapon)
 b - the +7 mace of the Wolf {vorpal, rN++ Int+2}
   (You took it off a spriggan air mage on level 2 of the Depths)

   It inflicts extra damage upon your enemies.
   Int:       It affects your intelligence (+2).
   rN:        It greatly protects you from negative energy.
 i - the +5 demon whip "Spellbinder" {antimagic, Will+}
   (You took it off a frost giant on level 2 of the Depths)

   It reduces the magical energy of the wielder, and disrupts the spells and
   magical abilities of those it strikes.
   Natural abilities and divine invocations are not affected.
   It unleashes wild and unpredictable magical effects upon striking a wizard or
   a creature with magical abilities.
   Will:      It increases your willpower.
 x - the +10 mace of a bazaar {elec, Will++ Str+4 Stlth+}
   (You found it on level 8 of the Dungeon)

   It occasionally discharges a powerful burst of electricity upon striking a
   foe.
   Str:       It affects your strength (+4).
   Will:      It greatly increases your willpower.
   Stlth:     It makes you more stealthy.
 y - the +7 whip of the Eleven Wonders {flame, rC+ rN+++ MP+9 Dex-3}
   (You found it on level 7 of Tartarus)

   It burns those it strikes, dealing additional fire damage.
   Dex:       It affects your dexterity (-3).
   rC:        It protects you from cold.
   rN:        It renders you almost immune to negative energy.
   MP:        It affects your magic capacity (+9).
 X - the +7 sceptre of Asmodeus
   (You took it off Asmodeus on level 7 of Gehenna)

   It can be evoked to summon fiery demons, with success rate depending on
   Evocations skill.
   Those summoned this way will remain friendly only for a limited time.
 Z - the +7 Spriggan's Knife {stab, EV+4 Stlth+}
   (You found it on level 3 of the Tomb of the Ancients)

   It is more effective when stabbing unaware enemies, sometimes treating them
   as though they were completely helpless.
   EV:        It affects your evasion (+4).
   Stlth:     It makes you more stealthy.
Missiles
 m - 14 silver javelins
 N - 4 silver boomerangs
Armour
 n - a +2 robe of cold resistance (worn)
 q - a +8 tower shield of protection (worn)
 r - the +3 crown of Dyrovepreva (worn) {rElec Int+2 SInv}
   (You found it on level 2 of the Snake Pit)

   Int:       It affects your intelligence (+2).
   rElec:     It insulates you from electricity.
   SInv:      It lets you see invisible.
 C - the +1 pair of gloves "Peletiol" (worn) {rN+ Str+2 Int+2}
   (You found it on level 3 of the Tomb of the Ancients)

   Str:       It affects your strength (+2).
   Int:       It affects your intelligence (+2).
   rN:        It protects you from negative energy.
 G - the +0 cloak of a Labyrinth (worn) {rF++ MP+9}
   (You found it on level 5 of the Pits of Slime)

   rF:        It greatly protects you from fire.
   MP:        It affects your magic capacity (+9).
 M - a +2 cloak of willpower
Magical Staves
 c - a staff of cold
Jewellery
 o - the ring "Fieghep" {+Blink Int+6}
   (You acquired it in Pandemonium)

   [ring of intelligence]

   Int:       It affects your intelligence (+6).
   +Blink:    It lets you blink.
 w - the ring of the Tortoise {AC+8}
   (You found it on level 7 of Tartarus)

   [ring of protection]

   AC:        It affects your AC (+8).
 A - the ring of the Shrike (left hand) {rC+ Will+ rCorr EV+4 Dex+2}
   (You bought it in a shop on level 15 of the Dungeon)

   [ring of evasion]

   EV:        It affects your evasion (+4).
   Dex:       It affects your dexterity (+2).
   rC:        It protects you from cold.
   rCorr:     It protects you from acid and corrosion.
   Will:      It increases your willpower.
 E - the ring of the Mage (right hand) {Wiz Archmagi}
   (You found it on level 24 of a ziggurat)

   [ring of wizardry]

   It improves your spell success rate.
   Archmagi:  It increases the power of your magical spells.
 K - the ring "Neoz" {rF+ rC+ rN+ Str+3 SInv}
   (You found it on level 27 of a ziggurat)

   [ring of see invisible]

   Str:       It affects your strength (+3).
   rF:        It protects you from fire.
   rC:        It protects you from cold.
   rN:        It protects you from negative energy.
   SInv:      It lets you see invisible.
 P - the ring of Cimuepp {rPois rF+++ rN+ MP+9 Stlth-}
   (You found it in Pandemonium)

   [ring of magical power]

   rF:        It renders you almost immune to fire.
   rPois:     It protects you from poison.
   rN:        It protects you from negative energy.
   MP:        It affects your magic capacity (+9).
   Stlth:     It makes you less stealthy.
 U - the amulet of Gomi Vant (around neck) {rN+ Regen+ Int+4 Slay+2 SInv}
   (You found it on level 26 of a ziggurat)

   [amulet of regeneration]

   Int:       It affects your intelligence (+4).
   Slay:      It affects your accuracy & damage with ranged weapons and melee
   (+2).
   rN:        It protects you from negative energy.
   SInv:      It lets you see invisible.
   Regen:     It increases your rate of health regeneration.
Wands
 z - a wand of digging (19)
 D - a wand of light (54)
 T - a wand of iceblast (84)
Scrolls
 d - 52 scrolls of teleportation
 f - 24 scrolls of fog
 s - 2 scrolls of magic mapping
 v - 9 scrolls of blinking
 B - a scroll of enchant armour
 H - 17 scrolls of immolation
 I - a scroll of fear
 J - 23 scrolls of poison
 O - 3 scrolls of summoning
 W - 15 scrolls of vulnerability
 Y - 14 scrolls of silence
Potions
 e - 5 potions of brilliance
 g - 32 potions of curing
 h - 17 potions of haste
 j - 14 potions of lignification
 l - 8 potions of heal wounds
 p - 5 potions of cancellation
 t - 26 potions of mutation
 L - 9 potions of ambrosia
 Q - 8 potions of resistance
 S - 6 potions of invisibility
 V - 5 potions of might
Miscellaneous
 k - a condenser vane
 u - a phial of floods
 F - a box of beasts
 R - a phantom mirror


   Skills:
 O Level 27 Fighting
 - Level 0.9(1.2) Short Blades
 - Level 1.1(1.3) Long Blades
 - Level 0.7(13.8) Axes
 - Level 20.9 Maces & Flails
 - Level 0.8(1.2) Polearms
 - Level 0.8(14.9) Staves
 - Level 0.3 Ranged Weapons
 - Level 20.7 Throwing
 O Level 27 Armour
 O Level 27 Dodging
 - Level 5.5 Stealth
 O Level 27 Shields
 - Level 0.7 Unarmed Combat
 O Level 27 Spellcasting
 - Level 0.7 Invocations
 + Level 26.5 Evocations


You couldn't memorise any spells.
You knew the following spells:

 Your Spells              Type           Power      Damage    Failure   Level
a - Magic Dart            Conj           100%       1d8       0%          1
b - Searing Ray           Conj           100%       2d8       0%          2
c - Dazzling Flash        Conj/Hex       100%       N/A       0%          3
d - Fulminant Prism       Conj/Hex       76%        3d32      0%          4
e - Iskenderun's Mystic   Conj/Tloc      100%       2d19      0%          4
f - Beastly Appendage     Tmut           100%       N/A       0%          1
g - Passwall              Tmut/Erth      100%       N/A       0%          2
h - Frozen Ramparts       Ice            100%       1d12      0%          3
i - Portal Projectile     Hex/Tloc       100%       N/A       0%          3
j - Cause Fear            Hex            76%        N/A       0%          4
k - Iskenderun's Battles  Conj           100%       2d15      0%          5
l - Summon Cactus Giant   Summ           76%        N/A       0%          6
m - Ozocubu's Refrigerat  Ice            76%        4d20      0%          7
n - Simulacrum            Ice/Necr       76%        N/A       0%          6
o - Discord               Hex            76%        N/A       1%          8
p - Malign Gateway        Summ/Tloc      76%        N/A       0%          7
q - Polar Vortex          Ice            76%        N/A       1%          9
r - Fire Storm            Conj/Fire      76%        8d19      1%          9
Your spell library was empty.

Dungeon Overview and Level Annotations

Branches:
Dungeon (15/15)            Temple (1/1) D:5            Lair (5/5) D:11
  Swamp (4/4) Lair:3        Snake (4/4) Lair:2        Slime (5/5) Lair:4
    Orc (2/2) D:12            Elf (3/3) Orc:2        Vaults (5/5) D:13
  Crypt (3/3) Vaults:3       Tomb (3/3) Crypt:3      Depths (4/4) D:15
   Hell (visited)             Dis (7/7) Hell            Geh (7/7) Hell
    Coc (7/7) Hell            Tar (7/7) Hell            Zot (5/5) Depths:4
 WizLab (visited)         Gauntlet (visited)

Altars:
Ashenzari
Cheibriados
Dithmenos
Elyvilon
Fedhas
Gozag
Hepliaklqana
Makhleb
Nemelex Xobeh
Okawaru
Qazlal
Ru
Trog
Uskayaw
Wu Jian
Xom
Yredelemnul
Zin
The Shining One
Jiyva

Shops:
D:15 *=*=   Orc:1 (   Orc:2 [*(=   Snake:4 ::=   Vaults:2 =   Vaults:4 !
Depths:3 *

Portals:
Hell: Depths:1 Depths:2 Depths:3 Depths:4
Abyss: Depths:1 Depths:3
Pandemonium: Depths:1 Depths:2 Depths:4
Trove: D:11 (give +3 gold dragon scales)

Annotations:
D:3 1 runed translucent door, Crazy Yiuf
Elf:2 3 runed translucent doors, exclusion: 3 doors


Innate Abilities, Weirdness & Mutations

You are immune to sickness and miasma.
You are immune to poison.
Your flesh is very heat resistant. (rF++)
You are vulnerable to cold. (rC-)
You float through the air rather than walking.
You learn spells naturally, not from books.
Your magical power is your life essence.
You have superior vitality. (+4 MHP)
You are partially covered in iridescent scales. (AC +2)
You are frail. (-10% HP)
You are strong-willed. (Will+)
Your natural rate of healing is unusually fast.


Message History

A rust devil comes into view.
The rust devil screeches!
Casting: Fire Storm (mildly dangerous; 1% risk of failure)
Confirm with . or Enter, or press ? or * to list all spells.
Aiming: Fire Storm (mildly dangerous; 1% risk of failure)
Press: ? - help, Dir - move target, f - rust devil
Aim: a rust devil You feel a surge of power!
A raging storm of fire appears!
The great blast of fire engulfs the rust devil!!
The rust devil partially resists.
The rust devil is almost dead.
The rust devil hits your fire vortex.
The rust devil corrodes your fire vortex!
Your fire vortex hits the rust devil.
Your fire vortex dissipates!
The rust devil hits your fire vortex!
The rust devil corrodes your fire vortex!
Your fire vortex completely misses the rust devil.
Casting: Fire Storm (mildly dangerous; 1% risk of failure)
Confirm with . or Enter, or press ? or * to list all spells.
You feel a surge of power!
You erupt in a blast of force!
The mystic blast hits the rust devil!
You kill the rust devil!
(D) Dungeon (T) Temple (L) Lair (S) Swamp (P) Snake Pit (M) Slime Pits (O) Orcish Mines (E) Elven Halls (V) Vaults (C) Crypt (W) Tomb (U) Depths (H) Hell (I) Dis (G) Gehenna (X) Cocytus (Y) Tartarus (Z) Zot
Where to? (Enter - D:1, ? - help) HP restored.
There is a stone staircase leading up here.
You fly upwards.
Your summoned ally is left behind.
There is a stone staircase leading down here.
You see here a +0 dagger.
There is an escape hatch in the ceiling here.
There is a stone staircase leading up here.
You fly upwards.
There is a stone staircase leading down here.
There is a staircase leading out of the dungeon here.
You have escaped!

....###### #....######...##..#
....# #.............##..#
....############..........##.)#
...............#..........##..#
...............#..........##..#
###............#........#..#..#
# #...>........######.........#
# #........###############...##
###†....#####...#....## ##..#
#.......###...........## #..#
..########...#..@..#...#####.###
#.# ##...###...###...##..>..#
..# ##...## ##### ##...#####.#
#.# ##...## #...# ##...## #.#
..# ##...######.#.######...###.#
### #..#........#.....(..#..##.#
#.##.#..###.#.##...#.##.##.#
#.#..###.#..#.##.###..#.##.#
#.......................##.#
#####..###########..######.#
##..## ##..##....#.#


There were no monsters in sight!

Vanquished Creatures
  Cerebov (Pan)
  Asmodeus (Geh:7)
  Dissolution (Slime:4)
  the Royal Jelly (Slime:5)
  Ereshkigal (Tar:7)
  A seraph (Zot:5)
  Lom Lobon (Pan)
  the Serpent of Hell (Coc:7)
  Mnoleg (Pan)
  33 pandemonium lords
  14 dread liches
  The ghost of Xienem the Metallomancer, a legendary GrEE of Vehumet (Zig:14)
  The ghost of Jano the Ninja, a legendary GnIE of Cheibriados (Zig:14)
  Dispater (Dis:7)
  9 ancient liches
  An orb of fire (Zot:5)
  Mennas (Crypt:1)
  Mara (Vaults:2)
  9 juggernauts
  The ghost of pikkel the Phalangite, a legendary FoFi of Okawaru (Zig:14)
  25 royal mummies
  The ghost of tape the Sensei, a legendary OpTm of Gozag (Zig:14)
  28 shard shrikes
  23 Killer Klowns
  Xtahua (Crypt:2)
  A curse toe (Zot:2)
  A caustic shrike (shapeshifter) (Zig:26)
  14 caustic shrikes
  26 golden dragons
  4 profane servitors
  Geryon (Hell)
  28 bone dragons
  8 electric golems
  28 Tzitzimimeh
  9 iron giants
  9 hellephants
  17 Brimstone Fiends
  14 doom hounds
  32 tentacled monstrosities
  3 spectral shard shrikes
  26 Ice Fiends
  16 tainted leviathans
  20 Hell Sentinels
  Grunn (Crypt:3)
  13 searing wretches
  5 deep elf blademasters
  11 liches
  20 Orb Guardians (Zot:5)
  An acid blob (shapeshifter) (Zig:19)
  19 Executioners
  Asterion (Depths:2)
  20 titans
  An eldritch tentacle (Dis:1)
  9 deep elf master archers
  57 ancient champions
  Murray (Hell)
  2 sphinxes (shapeshifter) (Zig:19)
  4 tentacled starspawn
  17 acid blobs
  13 quicksilver dragons
  12 death cobs
  19 tengu reavers
  Frances (Elf:1)
  13 sphinxes
  7 draconian monks
  8 shadow dragons
  Donald (Swamp:4)
  A thorn hunter (Zig:23)
  5 fenstrider witches
  8 azure jellies
  20 storm dragons
  An azure jelly (shapeshifter) (Zig:19)
  55 narguns
  10 rockslimes (Slime:5)
  An emperor scorpion (shapeshifter) (Zig:26)
  20 nagarajas
  6 deep elf sorcerers
  21 fire giants
  12 quicksilver elementals
  26 revenants
  9 demonspawn warmongers
  2 frost giants (shapeshifter)
  9 ghost moths
  6 draconian knights
  22 frost giants
  39 balrugs
  4 draconian scorchers
  4 emperor scorpions (Zig:13)
  22 vault wardens
  The ghost of capka3m the Thaumaturge, a journeyman DgEE (Elf:2)
  25 cacodemons
  2 orc warlords
  2 caustic shrike zombies
  Aizul (Snake:2)
  3 angels
  10 shard shrike simulacra
  2 iron dragons
  15 curse skulls
  5 draconian shifters
  5 deep elf elementalists
  6 draconian stormcallers
  The ghost of Smoky173 the Basher, a journeyman GrBe of Trog (Snake:2)
  A ghoul (Zig:24)
  7 demonspawn corrupters
  16 ironbound preservers
  12 quicksilver oozes
  A broodmother (shapeshifter) (Zig:26)
  23 reapers
  2 stone giants (shapeshifter) (Zig:19)
  27 war gargoyles
  A demonspawn blood saint (Zot:4)
  A broodmother (Zig:13)
  5 caustic shrike skeletons
  37 very ugly things
  12 draconian annihilators
  14 green draconians
  A spriggan defender (Depths:3)
  18 stone giants
  8 black draconians
  27 elemental wellsprings
  8 demonspawn black suns
  17 deep elf annihilators
  9 deep elf demonologists
  7 ironbound thunderhulks
  8 putrid mouths
  21 vampire knights
  A spectral titan (Vaults:2)
  7 dire elephants
  9 eleionomae
  10 bennus (Tomb:2)
  9 white draconians
  10 lorocyprocas
  6 bunyips
  43 wendigos
  A minotaur (Gauntlet)
  11 red draconians
  7 entropy weavers
  9 spark wasps
  8 yellow draconians
  14 deep elf death magi
  20 purple draconians
  A minotaur (shapeshifter) (Zig:26)
  11 iron golems
  32 mummy priests
  5 crystal guardians (WizLab)
  18 green deaths
  An elf zombie (Crypt:3)
  3 jiangshi
  20 ettins
  2 merfolk javelineers
  10 blizzard demons
  35 eidola
  2 merfolk impalers
  13 fire dragons
  11 deep elf high priests
  2 shambling mangroves
  16 yaktaur captains
  A fenstrider witch zombie (Hell)
  7 hell beasts
  5 boulder beetles
  5 ghost crabs
  14 great orbs of eyes
  7 rakshasas
  4 peacekeepers
  10 caustic shrike simulacra
  11 anacondas
  4 ice dragons
  6 juggernaut simulacra
  30 hydras
  32 salamander tyrants
  2 ogre magi
  6 two-headed ogres
  Fannar (Orc:1)
  A spriggan skeleton (Tar:7)
  5 spriggan air magi
  41 vault guards
  9 ironbound frosthearts
  14 centaur warriors
  A fenstrider witch skeleton (Pan)
  A jorogumo (Zig:13)
  5 catoblepae
  A catoblepas (shapeshifter) (Zig:26)
  16 alligators
  11 naga warriors
  2 death knights
  A spectral stone giant (Tar:2)
  7 stokers
  2 merfolk aquamancers (Zig:12)
  A two-headed ogre (shapeshifter) (Zig:19)
  4 deep troll shamans
  10 vampire magi
  6 deep troll earth magi
  48 death scarabs
  A satyr (Zig:12)
  20 dancing weapons
  A shock serpent (shapeshifter) (Zig:19)
  A spectral frost giant (Vaults:2)
  2 orc high priests
  2 titan zombies
  20 shock serpents
  9 tengu warriors
  34 hell hogs
  2 thrashing horrors
  12 death yaks
  5 spriggan berserkers
  25 deep elf knights
  12 naga sharpshooters
  62 sun demons
  19 soul eaters
  8 hell knights
  40 large abominations
  Sonja (Orc:1)
  6 wretched stars (Abyss:3)
  An iron troll (shapeshifter) (Zig:19)
  9 crystal echidnas
  A fire crab (shapeshifter) (Zig:19)
  20 sixfirhies
  3 spectral yaktaurs (Vaults:2)
  13 spriggan druids
  30 skeletal warriors
  An iron giant zombie (Tar:7)
  2 anaconda zombies
  A sea snake (shapeshifter) (Elf:1)
  5 quicksilver dragon simulacra
  A spark wasp zombie (Crypt:2)
  A spatial maelstrom (Abyss:3)
  5 iron trolls
  7 goliath frogs
  2 orb spiders (Zig:13)
  19 glowing orange brains
  6 naga ritualists
  7 salamander mystics
  44 deep trolls
  10 bog bodies
  3 sea snakes (Zig:12)
  40 shadow wraiths
  3 spriggan simulacra
  3 steelbarb worms (Zig:13)
  23 starcursed masses
  15 flayed ghosts
  A deep troll (shapeshifter) (Zig:26)
  31 swamp dragons
  10 deep elf archers
  18 ironbound convokers
  2 spectral hydras (Tar:4)
  9 death drakes
  14 wizards
  13 shadow demons
  15 phantasmal warriors
  8 lindwurms
  14 orc knights
  45 deep elf pyromancers
  An anaconda skeleton (Tar:7)
  17 harpies
  A manticore (shapeshifter) (Zig:16)
  A golden dragon skeleton (Tar:7)
  10 necromancers
  78 ugly things
  A wolf spider (shapeshifter) (Depths:4)
  2 shining eyes (shapeshifter) (Depths:4)
  38 deep elf zephyrmancers
  13 manticores
  2 spectral fire dragons (Tar:1)
  2 wolf spiders
  5 orc sorcerers
  A fire giant zombie (Crypt:1)
  2 cyclopes (shapeshifter)
  8 will-o-the-wisps
  35 salamanders
  A mana viper (shapeshifter) (Zig:16)
  10 mana vipers
  11 shining eyes
  4 fauns (Zig:12)
  8 fire giant skeletons (Crypt:3)
  A black mamba (shapeshifter) (Zig:16)
  3 centaur zombies
  13 elephants
  10 cyclopes
  3 spectral ettins
  A moth of wrath (shapeshifter) (Zig:16)
  20 moths of wrath
  A dire elephant zombie (Tomb:2)
  3 apocalypse crabs
  19 vault sentinels
  A guardian serpent (shapeshifter) (D:13)
  9 rust devils
  A merfolk siren (Zig:12)
  48 black mambas
  2 water nymphs (shapeshifter)
  10 gargoyles
  2 eyes of devastation (shapeshifter)
  23 smoke demons
  2 ice statues (Coc:7)
  11 molten gargoyles
  6 eyes of devastation
  4 titan simulacra
  An elephant (shapeshifter) (Vaults:5)
  4 torpor snails
  33 orange demons
  10 naga magi
  Maggie (D:7)
  3 centaur skeletons
  14 guardian serpents
  11 cane toads
  3 dire elephant skeletons
  2 storm dragon simulacra (Coc:2)
  A kobold demonologist (D:9)
  13 rime drakes
  A minotaur zombie (Gauntlet)
  12 komodo dragons
  2 unseen horrors
  An alligator snapping turtle skeleton (Hell)
  2 alligator snapping turtle zombies
  8 demonic crawlers
  A spectral naga (Tar:1)
  47 hellions
  5 bunyip simulacra
  30 yaktaurs
  4 tengu conjurers
  14 hellwings
  30 tormentors
  A golden dragon simulacrum (Zig:8)
  An iron troll zombie (Crypt:1)
  6 anaconda simulacra
  8 ice devils
  3 iron giant simulacra
  9 freezing wraiths
  A hydra zombie (Crypt:3)
  34 guardian mummies
  5 efreet
  2 ancient zymes (Abyss:3)
  9 meliai
  A silent spectre (Tar:1)
  A harpy zombie (D:15)
  4 red devils (Pan)
  2 queen bees (shapeshifter)
  3 spectral harpies
  2 tarantellas (shapeshifter)
  2 queen bees
  4 wind drakes (Zig:12)
  10 trolls
  3 polar bears
  A purple draconian skeleton (Crypt:1)
  A tarantella (Vaults:3)
  7 merfolk (Zig:12)
  4 harpy skeletons
  Prince Ribbit (D:5)
  8 blink frogs
  A sphinx simulacrum (Zig:27)
  10 tyrant leeches
  21 hornets
  114 slime creatures
  11 raiju
  2 dream sheep (shapeshifter)
  A snapping turtle (shapeshifter) (Depths:3)
  2 stone giant simulacra
  A raiju (shapeshifter) (Zig:18)
  A meliai zombie (Crypt:2)
  15 air elementals
  A frost giant simulacrum (Vaults:2)
  11 water elementals
  A jumping spider (shapeshifter) (Zig:26)
  20 flying skulls
  2 jumping spiders (Zig:13)
  An orc simulacrum (Coc:2)
  3 culicivoras
  8 vampires
  A culicivora (shapeshifter) (Zig:19)
  7 shadows
  23 ushabtiu
  19 spriggans
  7 dire elephant simulacra
  A black mamba zombie (Tomb:1)
  2 ettin skeletons
  2 hogs (shapeshifter)
  A naga simulacrum (Coc:7)
  5 fire dragon skeletons (Crypt:3)
  A slime creature zombie (Crypt:2)
  67 yaks
  3 wyverns
  28 ynoxinuls
  An alligator snapping turtle simulacrum (Coc:1)
  5 basilisks
  11 wraiths
  A yak (shapeshifter) (Elf:1)
  12 vampire mosquitoes
  3 golden eyes (Pan)
  12 chaos spawn
  6 fire bats
  4 redbacks
  4 fire elementals
  A redback (shapeshifter) (Zig:19)
  10 steam dragons
  18 neqoxecs
  A redback simulacrum (D:15)
  A spatial vortex (Abyss:3)
  5 wargs
  13 harpy simulacra
  A deep troll zombie (Hell)
  11 swamp worms
  8 small abominations
  An acid dragon (D:13)
  27 nagas
  A hell hound (Depths:4)
  3 hydra simulacra
  4 floating eyes
  16 water moccasins
  2 naga skeletons
  A floating eye (shapeshifter) (Elf:2)
  26 orc warriors
  A two-headed ogre zombie (D:12)
  8 sky beasts
  8 swamp drakes
  10 ettin simulacra
  A black bear (shapeshifter) (D:13)
  3 ice beasts
  5 ogres
  4 black bears
  A black mamba simulacrum (Hell)
  4 boggarts (Lair:4)
  12 centaurs
  16 wolves
  A lindwurm skeleton (Crypt:1)
  2 kobold brigands
  A salamander zombie (Crypt:1)
  2 necrophages (D:7)
  7 bullfrogs
  2 scorpions (Lair:1)
  A rime drake skeleton (Crypt:1)
  6 earth elementals
  A gnoll sergeant (D:6)
  30 killer bees
  A swamp dragon simulacrum (Hell)
  A troll zombie (D:12)
  A raiju skeleton (Crypt:1)
  15 howler monkeys
  9 electric eels
  13 orc priests
  4 jellies
  A gnoll bouda (D:4)
  3 iguanas
  4 iron imps
  3 hell rats (D:11)
  17 orc wizards
  10 lightning spires
  A boggart skeleton (Crypt:1)
  A killer bee zombie (Crypt:2)
  6 ogre zombies (D:12)
  An ice beast zombie (Crypt:2)
  35 mummies
  Robin (D:3)
  12 gnolls
  11 adders
  2 river rats (D:11)
  2 white imps
  An ufetubus (D:6)
  4 worms
  A dart slug (D:2)
  79 orcs
  7 bats
  5 endoplasms
  2 giant cockroaches (D:1)
  16 goblins
  11 hobgoblins
  2 quokkas
  8 ball pythons
  2 frilled lizards
  A goblin skeleton (D:12)
  4 goblin zombies (D:12)
  A hobgoblin skeleton (D:12)
  3 hobgoblin zombies (D:12)
  20 kobolds
  3 orc skeletons (D:12)
  14 orc zombies
  6 rats
  3 ball lightnings (Pan)
  25 briar patches (Zig:23)
  7 creeping infernos
  750 fire vortices
  A fulminant prism (Depths:3)
  A lurking horror (Abyss:1)
  6 starspawn tentacles (Abyss:3)
5446 creatures vanquished.

Vanquished Creatures (collateral kills)
  Antaeus (Coc:7)
  Gloorx Vloq (Pan)
  2 orbs of fire (Zot:5)
  2 royal mummies
  The ghost of Peona the Conqueror, a veteran MiGl of Okawaru (Vaults:2)
  A shard shrike (Zig:27)
  2 Killer Klowns
  3 golden dragons
  The ghost of Qoufonk the Slayer, a veteran GrFi of Okawaru (Depths:4)
  A bone dragon (Tar:7)
  3 iron giants
  A doom hound (Crypt:3)
  3 tentacled monstrosities
  2 Orb Guardians (Zot:5)
  3 Hell Sentinels
  An Ice Fiend (Zig:27)
  A lich (Depths:4)
  3 titans
  A tainted leviathan (Tar:4)
  A quicksilver dragon (Zot:4)
  2 ancient champions (Dis:7)
  2 Executioners
  A storm dragon (Zot:1)
  3 shadow dragons
  A tengu reaver (Depths:2)
  A daeva (Zot:5)
  A fire giant (Depths:1)
  A draconian scorcher (Zot:5)
  A spectral caustic shrike (Tar:6)
  2 frost giants
  2 shard shrike simulacra (Coc:7)
  An ironbound preserver (Vaults:3)
  2 war gargoyles
  An ironbound thunderhulk (WizLab)
  A green draconian (Zot:5)
  2 vampire knights
  A black draconian (Zot:4)
  A lorocyproca (Zig:15)
  A red draconian (Zot:1)
  A white draconian (Zot:5)
  A demonspawn black sun (Pan)
  2 deep elf death magi
  A green death (Depths:4)
  A jiangshi (Zig:24)
  A fire dragon (Depths:2)
  A spectral iron giant (Tar:3)
  A mummy priest (Tomb:2)
  An iron golem (Dis:7)
  A hell beast (Pan)
  A yaktaur captain (Zig:6)
  A catoblepas (Lair:5)
  2 peacekeepers (WizLab)
  2 ice dragons (Depths:1)
  A tengu warrior (Depths:1)
  9 death scarabs (Tomb:3)
  A vampire mage (Zig:10)
  An emperor scorpion zombie (Crypt:3)
  A crystal echidna (Dis:7)
  6 deep trolls
  An obsidian statue (Elf:2)
  A deep elf archer (Elf:2)
  An orange crystal statue (Elf:2)
  2 deep elf pyromancers (Elf:2)
  2 deep elf zephyrmancers (Elf:2)
  2 orc knights (Vaults:2)
  6 ugly things
  A moth of wrath (Zot:2)
  A spectral ettin (Vaults:2)
  A manticore (D:14)
  2 fire giant skeletons (Crypt:3)
  3 rust devils (Depths:4)
  A titan simulacrum (Vaults:2)
  An orange demon (Pan)
  A gargoyle (WizLab)
  2 tormentors
  An ice devil (Depths:4)
  3 guardian mummies
  2 hellwings (Depths:4)
  A large abomination (Zig:15)
  A shadow dragon simulacrum (Vaults:2)
  A fire dragon skeleton (Crypt:3)
  A vampire (Crypt:3)
  A water elemental (Elf:2)
  2 ushabtiu (Tomb:3)
  A chaos spawn (Zig:26)
  A ynoxinul (Depths:4)
  A golden eye (Pan)
  2 neqoxecs
  A harpy simulacrum (Coc:7)
  A merfolk simulacrum (Coc:1)
  6 orc warriors
  A salamander zombie (Crypt:1)
  An earth elemental (WizLab)
  An orc priest (Vaults:2)
  An orc wizard (Orc:2)
  5 mummies
  5 orcs
  7 fire vortices
172 creatures vanquished.

Vanquished Creatures (others)
  A royal mummy (Tomb:3)
  24 eldritch tentacles
  A pandemonium lord (Zig:26)
  A draconian knight (Zot:4)
  A demonspawn blood saint (Pan)
  A lorocyproca (Hell)
  2 juggernaut simulacra (Coc:6)
  7 death scarabs (Tomb:3)
  A rime drake (Lair:2)
  An iron giant simulacrum (Coc:1)
  A bloated husk (Zig:20)
  A hornet (Swamp:4)
  A shadow dragon simulacrum (Zig:27)
  A stone giant simulacrum (Coc:1)
  A centaur simulacrum (Coc:1)
  A fire bat (Pan)
  2 neqoxecs (Pan)
  3 orc warriors
  A glowing shapeshifter simulacrum (Zig:27)
  A howler monkey (D:11)
  11 ball lightnings
  A creeping inferno (Geh:6)
  1161 fire vortices
  10 foxfires
  403 fulminant prisms
  41 fungi
  125 plants
  3 starspawn tentacles
  45 withered plants (Crypt:3)
1853 creatures vanquished.

Grand Total: 7471 creatures vanquished

Notes
Turn   | Place    | Note
-------+----------+-------------------------------------------
     0 | D:1      | atomjack2 the Djinni Conjurer began the quest for the Orb.
     0 | D:1      | atomjack2 set off with the following spells memorised:
                  | Magic Dart, Searing Ray, Dazzling Flash, Fulminant Prism,
                  | Iskenderun's Mystic Blast.
     0 | D:1      | Reached XP level 1. HP: 15/15 MP: 0/0
   390 | D:1      | Reached XP level 2. HP: 20/21 MP: 0/0
   415 | D:1      | Found a faded altar of an unknown god.
   964 | D:2      | Reached XP level 3. HP: 21/25 MP: 0/0
   964 | D:2      | Learned a level 1 spell: Beastly Appendage
  1423 | D:2      | Reached XP level 4. HP: 30/31 MP: 0/0
  1792 | D:3      | Found a shimmering altar of Xom.
  1939 | D:3      | Reached XP level 5. HP: 20/35 MP: 0/0
  1939 | D:3      | Learned a level 2 spell: Passwall
  2005 | D:3      | Noticed Robin
  2012 | D:3      | Killed Robin
  2013 | D:3      | Reached skill level 5 in Spellcasting
  2142 | D:3      | Found a runed translucent door.
  2143 | D:3      | Noticed Crazy Yiuf
  2408 | D:4      | Reached XP level 6. HP: 38/40 MP: 0/0
  2711 | D:4      | Found a glowing silver altar of Zin.
  2711 | D:4      | Found a snail-covered altar of Cheibriados.
  2729 | D:5      | Entered Level 5 of the Dungeon
  2772 | D:5      | Identified the +0 robe of Kaqeh {Slay+2}
  2817 | D:5      | Noticed a shadow
  2822 | D:5      | Killed a shadow
  2823 | D:5      | Reached XP level 7. HP: 41/45 MP: 0/0
  2823 | D:5      | Learned a level 3 spell: Frozen Ramparts
  2892 | D:5      | Noticed Prince Ribbit
  2898 | D:5      | Killed Prince Ribbit
  2898 | D:5      | Noticed a water moccasin
  2899 | D:5      | Reached XP level 8. HP: 31/50 MP: 0/0
  2941 | D:5      | Found a staircase to the Ecumenical Temple.
  2950 | Temple   | Entered the Ecumenical Temple
  3104 | Temple   | Became a worshipper of Gozag Ym Sagoz the Greedy
  3193 | D:5      | Found a hazy altar of Hepliaklqana.
  3865 | D:6      | Reached XP level 9. HP: 54/55 MP: 0/0
  3865 | D:6      | Learned a level 3 spell: Portal Projectile
  4021 | D:6      | Identified the +0 pair of gloves "Hoditt" {+Blink Int-5
                  | Slay+4}
  4587 | D:7      | Found a bloodstained altar of Trog.
  4813 | D:7      | Noticed Maggie
  4822 | D:7      | Killed Maggie
  5216 | D:8      | Reached skill level 10 in Spellcasting
  5216 | D:8      | Reached XP level 10. HP: 55/60 MP: 0/0
  5250 | D:8      | Found the +7 Throatcutter {drain, coup de grace}
  5270 | D:8      | Identified the +10 mace of a bazaar {elec, Will++ Str+4
                  | Stlth+}
  5803 | D:9      | Noticed a kobold demonologist
  5809 | D:9      | Killed a kobold demonologist
  5835 | D:9      | Noticed a two-headed ogre
  5847 | D:9      | Killed a two-headed ogre
  6448 | D:10     | Entered Level 10 of the Dungeon
  6529 | D:10     | Noticed a gargoyle
  6540 | D:10     | Killed a gargoyle
  6614 | D:10     | Reached XP level 11. HP: 65/66 MP: 0/0
  6614 | D:10     | Learned a level 4 spell: Cause Fear
  6687 | D:10     | Reached skill level 5 in Dodging
  6816 | D:10     | Found a stormy altar of Qazlal.
  7050 | D:11     | Noticed a two-headed ogre
  7057 | D:11     | Killed a two-headed ogre
  7083 | D:11     | Noticed a death yak
  7151 | D:11     | Noticed a death yak
  7151 | D:11     | Noticed a death yak
  7234 | D:11     | Found a staircase to the Lair.
  7307 | D:11     | Noticed a cyan ugly thing
  7328 | D:11     | Killed a cyan ugly thing
  7442 | D:11     | Reached skill level 1 in Fighting
  7491 | D:11     | Noticed a vault guard
  7505 | D:11     | Killed a vault guard
  7517 | D:11     | Found a portal to a secret trove of treasure.
  7527 | D:11     | Found a gate leading to a gauntlet.
  7536 | Gauntlet | Entered a Gauntlet
  7536 | Gauntlet | Noticed a catoblepas
  7536 | Gauntlet | Found a transporter.
  7536 | Gauntlet | Found a transporter.
  7562 | Gauntlet | Found a transporter.
  7563 | Gauntlet | Found a transporter.
  7571 | Gauntlet | Found a transporter.
  7574 | Gauntlet | Found a transporter.
  7576 | Gauntlet | Noticed a balrug
  7582 | Gauntlet | Found a transporter.
  7602 | Gauntlet | Found a runed translucent door.
  7603 | Gauntlet | Found a transporter.
  7604 | Gauntlet | Found a runed translucent door.
  7620 | Gauntlet | Found a transporter.
  7624 | Gauntlet | Found a transporter.
  7632 | Gauntlet | Found a transporter.
  7636 | Gauntlet | Found a transporter.
  7906 | Gauntlet | Reached skill level 5 in Stealth
  7952 | Gauntlet | Reached XP level 12. HP: 52/73 MP: 0/0
  7964 | Gauntlet | Identified the +4 rapier of Regicide {pain, Str+7}
  8004 | Gauntlet | Identified the +2 quarterstaff "Oxzierro" {flame, rElec
                  | rPois rC- SInv}
  8004 | Gauntlet | Noticed a minotaur
  8024 | Gauntlet | Killed a minotaur
  8459 | D:11     | Killed a death yak
  8465 | D:11     | Killed a death yak
  8471 | D:11     | Killed a death yak
  8622 | Lair:1   | Entered Level 1 of the Lair of Beasts
  9460 | Lair:1   | Noticed a dire elephant
  9494 | Lair:1   | Killed a dire elephant
  9495 | Lair:1   | Reached XP level 13. HP: 69/82 MP: 0/0
  9495 | Lair:1   | Learned a level 5 spell: Iskenderun's Battlesphere
  9598 | Lair:1   | Noticed a dire elephant
  9598 | Lair:1   | Noticed a dire elephant
  9598 | Lair:1   | Noticed a five-headed hydra
  9601 | Lair:1   | Killed a five-headed hydra
  9604 | Lair:1   | Reached skill level 15 in Spellcasting
  9611 | Lair:1   | Killed a dire elephant
  9619 | Lair:1   | Killed a dire elephant
  9883 | Lair:2   | Reached skill level 5 in Fighting
  9898 | Lair:2   | Found the amulet of Elemental Vulnerability {rPois rF--
                  | rC-- AC+8}
 10223 | Lair:2   | Found a staircase to the Snake Pit.
 10866 | Lair:3   | Reached XP level 14. HP: 90/94 MP: 0/0
 10961 | Lair:3   | Found a staircase to the Swamp.
 12058 | Lair:4   | Found a viscous altar of Jiyva.
 12058 | Lair:4   | Found a staircase to the Slime Pits.
 12473 | Lair:5   | Entered Level 5 of the Lair of Beasts
 12804 | Lair:5   | Reached XP level 15. HP: 75/101 MP: 0/0
 12804 | Lair:5   | Learned a level 6 spell: Summon Cactus Giant
 14683 | D:12     | Identified the ring of Vioboff {Str-4 Int+4 Dex+6}
 14932 | D:12     | Found a staircase to the Orcish Mines.
 15009 | D:12     | Found a hide-covered altar of Uskayaw.
 15133 | Orc:1    | Entered Level 1 of the Orcish Mines
 15133 | Orc:1    | Noticed Sonja
 15133 | Orc:1    | Noticed Fannar
 15141 | Orc:1    | Killed Sonja
 15151 | Orc:1    | Reached XP level 16. HP: 84/112 MP: 0/0
 15151 | Orc:1    | Killed Fannar
 15347 | Orc:2    | Entered Level 2 of the Orcish Mines
 15671 | Orc:1    | Found Adoemnoss's Weapon Emporium.
 15685 | Orc:1    | Bought 6 curare-tipped darts for 50 gold pieces
 15955 | Orc:2    | Reached skill level 1 in Armour
 16350 | Orc:2    | Found Vaceocra's General Store.
 16353 | Orc:2    | Found Sauqur's Antique Armour Shoppe.
 16363 | Orc:2    | Found Daowe's Jewellery Shoppe.
 16367 | Orc:2    | Found Gevosoyn's Antique Weapon Shoppe.
 16395 | Orc:2    | Bought a fading glaive for 414 gold pieces
 16395 | Orc:2    | Identified the +6 glaive of the Harvest {drain, rPois rN+
                  | Int+3 Dex-2} (You bought it in a shop on level 2 of the
                  | Orcish Mines)
 16411 | Orc:2    | Bought a glowing orb for 264 gold pieces
 16570 | Orc:2    | Found a staircase to the Elven Halls.
 16924 | D:13     | Identified the +0 robe "Cepnae Jigg" {Slay+6}
 17623 | D:13     | Found a gate to the Vaults.
 17914 | D:14     | Reached skill level 10 in Fighting
 18359 | D:14     | Yikes
 18469 | D:14     | Reached XP level 17. HP: 120/120 MP: 0/0
 18469 | D:14     | Learned a level 7 spell: Ozocubu's Refrigeration
 18598 | D:14     | Identified the +6 great sword "Kassen" {freeze, Drain rPois
                  | Str-2 Dex+3}
 19106 | D:15     | Entered Level 15 of the Dungeon
 19268 | D:15     | Reached skill level 1 in Shields
 19625 | D:15     | Identified the +1 robe of the Volcano {Fly rN++}
 20329 | D:15     | Found a staircase to the Depths.
 20696 | Snake:1  | Entered Level 1 of the Snake Pit
 22030 | Snake:2  | Noticed Aizul
 22035 | Snake:2  | Killed Aizul
 22664 | Snake:2  | Found a runed translucent door.
 22706 | Snake:2  | Reached XP level 18. HP: 99/128 MP: 0/0
 23020 | Snake:2  | Noticed Smoky173's ghost (journeyman GrBe)
 23020 | Snake:2  | Found the +3 crown of Dyrovepreva {rElec Int+2 SInv}
 23035 | Snake:2  | Killed Smoky173's ghost
 23486 | Snake:3  | Reached skill level 5 in Shields
 24084 | Snake:4  | Entered Level 4 of the Snake Pit
 24088 | Snake:4  | Found a white marble altar of Elyvilon.
 24459 | Snake:4  | Noticed a quicksilver dragon
 24462 | Snake:4  | Killed a quicksilver dragon
 24505 | Snake:4  | Noticed a quicksilver dragon
 24508 | Snake:4  | Killed a quicksilver dragon
 24755 | Snake:4  | Reached XP level 19. HP: 116/135 MP: 0/0
 24755 | Snake:4  | Learned a level 6 spell: Simulacrum
 25009 | Snake:4  | Got a serpentine rune of Zot
 26022 | Snake:4  | Found Beas's Jewellery Boutique.
 26022 | Snake:4  | Found Acreebbero's Book Emporium.
 26023 | Snake:4  | Found Leajawnu's Book Emporium.
 26245 | Swamp:1  | Entered Level 1 of the Swamp
 28789 | Swamp:4  | Entered Level 4 of the Swamp
 28988 | Swamp:4  | Reached XP level 20. HP: 126/144 MP: 0/0
 29308 | Swamp:4  | Noticed Donald
 29311 | Swamp:4  | Killed Donald
 29380 | Swamp:4  | Got a decaying rune of Zot
 29985 | Elf:1    | Entered Level 1 of the Elven Halls
 29988 | Elf:1    | Reached skill level 1 in Long Blades
 30100 | Elf:1    | Noticed Frances
 30104 | Elf:1    | Killed Frances
 30283 | Elf:1    | Reached skill level 15 in Fighting
 31447 | Elf:2    | Reached XP level 21. HP: 146/158 MP: 0/0
 31447 | Elf:2    | Learned a level 8 spell: Discord
 31736 | Elf:2    | Found a runed translucent gate.
 31736 | Elf:2    | Found a runed translucent gate.
 31749 | Elf:2    | Found a runed translucent gate.
 31774 | Elf:2    | Found a runed translucent gate.
 31774 | Elf:2    | Found a runed translucent gate.
 31774 | Elf:2    | Found a runed translucent gate.
 31775 | Elf:2    | Found an iron altar of Okawaru.
 31775 | Elf:2    | Identified the +5 ring mail of Entitlement {Int+7}
 31775 | Elf:2    | Noticed capka3m's ghost (journeyman DgEE)
 32055 | Elf:3    | Entered Level 3 of the Elven Halls
 32793 | Elf:3    | Identified the ring "Luix" {rPois Str+3}
 33052 | Elf:3    | Identified the +9 spear "Vuwkecid" {freeze, Drain rCorr
                  | Str+4}
 33075 | Elf:3    | Identified the +0 chain mail of Truth {Slay+5}
 33087 | Elf:3    | Identified the +1 sling of Distraction {flame, MP+9 Stlth+}
 33273 | Elf:3    | Identified the +10 quarterstaff of Rag Vydd {vorpal, Dex+4}
 33491 | Vaults:1 | Entered Level 1 of the Vaults
 34747 | Vaults:1 | Reached XP level 22. HP: 142/172 MP: 0/0
 34921 | Vaults:2 | Found a runed translucent gate.
 34921 | Vaults:2 | Found a runed translucent gate.
 34921 | Vaults:2 | Found a runed translucent gate.
 34923 | Vaults:2 | Noticed Peona's ghost (veteran MiGl)
 34987 | Vaults:2 | Noticed Mara
 34995 | Vaults:2 | Killed Mara
 34996 | Vaults:2 | Reached skill level 1 in Evocations
 35724 | Vaults:2 | Reached skill level 10 in Dodging
 36330 | Vaults:2 | Found Iqal's Jewellery Shoppe.
 36410 | Vaults:2 | Identified the ring of the Burning Coward {*Corrode +Blink
                  | Int-5 Dex+9 SInv}
 37060 | Vaults:2 | Killed Peona's ghost
 37713 | Vaults:3 | Reached XP level 23. HP: 177/182 MP: 0/0
 37713 | Vaults:3 | Learned a level 7 spell: Malign Gateway
 38054 | Vaults:3 | Found a staircase to the Crypt.
 38054 | Vaults:3 | Found a basalt altar of Yredelemnul.
 38729 | Vaults:4 | Found Ocib's Distillery.
 38737 | Vaults:4 | Bought a potion of experience for 950 gold pieces
 38739 | Vaults:4 | Reached XP level 24. HP: 188/188 MP: 0/0
 39539 | Vaults:4 | Reached skill level 15 in Dodging
 40500 | Depths:1 | Entered Level 1 of the Depths
 40803 | Elf:2    | Identified the +0 robe of Negation {rElec rF+ Str+3 Int-2}
 40846 | Elf:2    | Killed capka3m's ghost
 41765 | Depths:1 | Found a runed translucent door.
 42047 | Depths:1 | Reached XP level 25. HP: 184/195 MP: 0/0
 42047 | Depths:1 | Learned a level 9 spell: Polar Vortex
 42047 | Depths:1 | Woot!
 42093 | Depths:1 | Found a one-way gate to the infinite horrors of the Abyss.
 42145 | Depths:1 | Found a one-way gate leading to the halls of Pandemonium.
 42435 | Depths:1 | Found a gateway to Hell.
 42752 | Depths:2 | Found a one-way gateway to a ziggurat.
 42931 | Depths:2 | Noticed an ancient lich
 43183 | Depths:2 | Noticed a caustic shrike
 43189 | Depths:2 | Killed a caustic shrike
 43928 | Depths:2 | Identified the +7 mace of the Wolf {vorpal, rN++ Int+2}
 44212 | Depths:2 | Noticed Asterion
 44216 | Depths:2 | Killed Asterion
 44370 | Depths:2 | Killed an ancient lich
 44902 | Depths:3 | Reached XP level 26. HP: 111/202 MP: 0/0
 45659 | Depths:3 | Identified the +5 dagger "Ekedgh" {freeze, rElec Str+4}
 45731 | Depths:3 | Found Dushropo's Assorted Antiques.
 45740 | Depths:3 | Bought a scroll labelled YKYRUO ZIJI for 29 gold pieces
 45978 | Depths:3 | argh
 46039 | D:15     | Bought a dazzling scimitar for 243 gold pieces
 46039 | D:15     | Identified the +5 scimitar of Fortitude {freeze, Will+
                  | Stlth+} (You bought it in a shop on level 15 of the
                  | Dungeon)
 46039 | D:15     | Bought a faintly humming scale mail for 243 gold pieces
 46039 | D:15     | Identified the +2 scale mail "Icoastri" {rElec Will- rCorr
                  | Int+2} (You bought it in a shop on level 15 of the Dungeon)
 46047 | D:15     | Bought the ring of the Shrike {rC+ Will+ rCorr EV+4 Dex+2}
                  | for 1504 gold pieces
 46122 | Depths:4 | Entered Level 4 of the Depths
 46738 | Depths:4 | Found a runed translucent door.
 47021 | Depths:4 | Gained mutation: You are dopey. (Int -2) [a shining eye]
 47241 | Depths:4 | Found a gate to the Realm of Zot.
 47580 | Depths:4 | Noticed Qoufonk's ghost (veteran GrFi)
 47609 | Depths:4 | Killed Qoufonk's ghost
 48036 | Vaults:5 | Entered Level 5 of the Vaults
 48063 | Vaults:5 | Noticed an ancient lich
 48085 | Vaults:5 | Killed an ancient lich
 48085 | Vaults:5 | Identified the +6 hand axe of Responsibility {vorpal, rF+
                  | Str+3}
 48086 | Vaults:5 | Reached XP level 27. HP: 109/211 MP: 0/0
 48086 | Vaults:5 | Learned a level 9 spell: Fire Storm
 48086 | Vaults:5 | Yeehah
 49044 | Vaults:5 | Identified the ring "Vowieph" {rCorr Int+7}
 49063 | Vaults:5 | Identified the +9 flail of Gallantry {freeze, Dex+3}
 49577 | Vaults:5 | Identified the +7 plate armour of Ycsokeig {rN+ Regen+
                  | Str+6}
 49607 | Vaults:5 | Identified the ring of Agrah {rElec Str+6}
 49826 | Vaults:5 | Got a silver rune of Zot
 50440 | Hell     | Entered the Vestibule of Hell
 50440 | Hell     | Noticed Geryon
 50445 | Hell     | Killed Geryon
 50448 | Hell     | Noticed Murray
 50589 | Hell     | Killed Murray
 51286 | Hell     | Found a gateway to the freezing wastes of Cocytus.
 51333 | Hell     | Found a gateway to the decaying netherworld of Tartarus.
 51415 | Hell     | Found a gateway to the ashen valley of Gehenna.
 51446 | Hell     | Found a gateway to the Iron City of Dis.
 51613 | Zot:1    | Entered Level 1 of the Realm of Zot
 51649 | Zot:1    | Upgraded the game from 0.29-a0-909-g30c7767f5c to
                  | 0.29-a0-914-g906f1d757c
 51895 | Zot:1    | Identified the ring of Fedhas's Supremacy {Fire rElec}
 51963 | Zot:1    | Identified a scroll of acquirement
 52034 | Zot:1    | Acquired the ring "Vuugin" {rC+ SInv}
 52273 | Zot:1    | Noticed a Killer Klown
 52277 | Zot:1    | Killed a Killer Klown
 52405 | Zot:1    | Noticed a Killer Klown
 52407 | Zot:1    | Killed a Killer Klown
 53376 | Zot:2    | Identified the +1 scale mail of the Garden {+Blink}
 54632 | Zot:3    | Found a transporter.
 54849 | Zot:3    | Found a transporter.
 55574 | Zot:3    | Found a transporter.
 55611 | Zot:3    | Found a transporter.
 56960 | Zot:5    | Entered Level 5 of the Realm of Zot
 57544 | Zot:5    | Noticed an orb of fire
 57556 | Zot:5    | Gained mutation: You occasionally shout uncontrollably at
                  | your foes. [an orb of fire]
 57558 | Zot:5    | Killed an orb of fire
 57559 | Zot:5    | Lost mutation: You occasionally shout uncontrollably at
                  | your foes. [potion of mutation]
 57559 | Zot:5    | Lost mutation: You are dopey. (Int -2) [potion of mutation]
 57559 | Zot:5    | Gained mutation: Your body sometimes deteriorates upon
                  | taking damage. [potion of mutation]
 57623 | Zot:5    | Noticed a Killer Klown
 57629 | Zot:5    | Killed a Killer Klown
 58241 | Crypt:1  | Entered Level 1 of the Crypt
 58347 | Crypt:1  | Noticed Mennas
 58351 | Crypt:1  | Killed Mennas
 58362 | Crypt:1  | Found a magical portal.
 58375 | WizLab   | Entered Maxwell's Workshop
 58615 | WizLab   | Reached skill level 10 in Shields
 58829 | WizLab   | Identified the ring "Ulogg" {Fire rPois Dex+4}
 59046 | WizLab   | Found the +3 pair of mountain boots {steadfast, rC+}
 59904 | Crypt:2  | Noticed Xtahua
 59907 | Crypt:2  | Killed Xtahua
 60552 | Crypt:3  | Entered Level 3 of the Crypt
 60805 | Crypt:3  | Identified the amulet "Lieschai" {rPois rC- rN+ Regen+
                  | Int+10}
 60805 | Crypt:3  | Identified the ring of Ydoqunta {rN+ Slay+2}
 60963 | Crypt:3  | Noticed Grunn
 60967 | Crypt:3  | Killed Grunn
 61379 | Crypt:3  | Found a staircase to the Tomb.
 61380 | Crypt:3  | Found the +8 demon blade "Leech" {vamp, Harm Drain rN+}
 61837 | Crypt:3  | Noticed an ancient lich
 61837 | Crypt:3  | Noticed a dread lich
 61840 | Crypt:3  | Killed an ancient lich
 61840 | Crypt:3  | Killed a dread lich
 61851 | Crypt:3  | Noticed a dread lich
 61854 | Crypt:3  | Killed a dread lich
 61855 | Crypt:3  | Reached skill level 27 in Spellcasting
 62732 | Slime:1  | Entered Level 1 of the Pits of Slime
 63039 | Slime:4  | Noticed Dissolution
 63042 | Slime:4  | Killed Dissolution
 63272 | Slime:5  | Entered Level 5 of the Pits of Slime
 63281 | Slime:5  | Gained mutation: You occasionally shout uncontrollably at
                  | your foes. [a shining eye]
 63540 | Slime:5  | Found a viscous altar of Jiyva.
 63541 | Slime:5  | Noticed the Royal Jelly
 63549 | Slime:5  | Killed the Royal Jelly
 63670 | Slime:5  | Got a slimy rune of Zot
 63727 | Slime:5  | Identified the +5 chain mail of the Ladybird {Rampage rN+
                  | rCorr}
 63757 | Slime:5  | Identified the +3 scimitar "Igapext" {freeze, Fly rElec
                  | Int+3}
 63768 | Slime:5  | Identified the +1 chain mail of the Valley {Rampage Fly
                  | rElec}
 63805 | Slime:5  | Identified the +0 cloak of a Labyrinth {rF++ MP+9}
 63867 | Slime:5  | Reached skill level 15 in Shields
 65000 | Zig:1    | Entered Level 1 of a ziggurat
 65021 | Zig:2    | Entered Level 2 of a ziggurat
 65051 | Zig:3    | Entered Level 3 of a ziggurat
 65051 | Zig:3    | Noticed Hoyx Bemn the pandemonium lord
 65057 | Zig:3    | Killed Hoyx Bemn the pandemonium lord
 65076 | Zig:3    | Identified the +5 glaive "Donapra" {flame, rElec rN+ Dex-2}
 65118 | Zig:4    | Entered Level 4 of a ziggurat
 65173 | Zig:5    | Entered Level 5 of a ziggurat
 65219 | Zig:6    | Entered Level 6 of a ziggurat
 65257 | Zig:6    | Identified the +7 flail of Insomnia {drain, Int+3 SInv}
 65290 | Zig:7    | Entered Level 7 of a ziggurat
 65293 | Zig:7    | Noticed Japhafoq the pandemonium lord
 65297 | Zig:7    | Killed Japhafoq the pandemonium lord
 65346 | Zig:7    | Identified the ring of Qidoi {rPois Dex+3}
 65368 | Zig:8    | Entered Level 8 of a ziggurat
 65372 | Zig:8    | Noticed a shard shrike
 65374 | Zig:8    | Killed a shard shrike
 65498 | Zig:9    | Entered Level 9 of a ziggurat
 65504 | Zig:9    | Noticed Exta the pandemonium lord
 65508 | Zig:9    | Killed Exta the pandemonium lord
 65558 | Zig:9    | Identified the +5 battleaxe of Limicwew {antimagic, *Rage
                  | rPois rC+}
 65603 | Zig:10   | Entered Level 10 of a ziggurat
 65608 | Zig:10   | Noticed an ancient lich
 65610 | Zig:10   | Killed an ancient lich
 65658 | Zig:10   | Identified the +3 mace of Zejeen {vorpal, Fly rC+}
 65659 | Zig:10   | Identified the +9 quarterstaff of Ahoisk {vorpal, *Noise
                  | rElec rPois rF++}
 65661 | Zig:10   | Identified the +1 lajatang "Exeluvaw" {vorpal, Str+5 Int+2}
 65712 | Zig:11   | Entered Level 11 of a ziggurat
 65733 | Zig:11   | Reached skill level 10 in Throwing
 65822 | Zig:11   | Found the +9 scales of the Dragon King {rPois rF+ rC+
                  | Will+}
 65838 | Zig:11   | Identified the +5 sling "Voxkas" {freeze, rElec rCorr Int-2
                  | Stlth+}
 65913 | Zig:12   | Entered Level 12 of a ziggurat
 66121 | Zig:13   | Entered Level 13 of a ziggurat
 66185 | Zig:13   | Identified the ring of Fuh Gili {rF- Int+7 SInv}
 66287 | Zig:14   | Entered Level 14 of a ziggurat
 66299 | Zig:14   | Noticed Xienem's ghost (legendary GrEE)
 66299 | Zig:14   | Noticed tape's ghost (legendary OpTm)
 66301 | Zig:14   | Noticed Jano's ghost (legendary GnIE)
 66309 | Zig:14   | Noticed pikkel's ghost (legendary FoFi)
 66313 | Zig:14   | Killed Xienem's ghost
 66320 | Zig:14   | Killed tape's ghost
 66326 | Zig:14   | Killed Jano's ghost
 66326 | Zig:14   | Killed pikkel's ghost
 66546 | Zig:15   | Entered Level 15 of a ziggurat
 66565 | Zig:15   | Noticed Rylane the pandemonium lord
 66568 | Zig:15   | Killed Rylane the pandemonium lord
 66810 | Zig:15   | Identified the +3 spear of Narphyuck {flame, Will+ Int+3}
 66811 | Zig:15   | Identified the ring of Gitiff {Fire Str+5 Int+8}
 66884 | Zig:16   | Entered Level 16 of a ziggurat
 66896 | Zig:16   | Noticed an ancient lich
 66896 | Zig:16   | Noticed a dread lich
 66898 | Zig:16   | Reached skill level 15 in Throwing
 66901 | Zig:16   | Killed an ancient lich
 66903 | Zig:16   | Killed a dread lich
 66904 | Zig:16   | Noticed an ancient lich
 66912 | Zig:16   | Killed an ancient lich
 67014 | Zig:16   | Identified the +4 arbalest "Djinni's Bane" {vorpal, Int+2}
 67018 | Zig:16   | Identified the +5 great sword "Arydol" {holy, rElec Int-4
                  | Dex+8 SInv}
 67019 | Zig:16   | Identified the +4 great sword of the Blessed Realm {speed,
                  | rPois rN+ rCorr Str-4}
 67030 | Zig:16   | Identified the +9 falchion "Udogi" {pain, rElec Will-
                  | Dex+3}
 67102 | Zig:17   | Entered Level 17 of a ziggurat
 67111 | Zig:17   | Noticed a shard shrike
 67114 | Zig:17   | Noticed a shard shrike
 67114 | Zig:17   | Noticed an ancient lich
 67117 | Zig:17   | Killed a shard shrike
 67121 | Zig:17   | Reached skill level 5 in Evocations
 67121 | Zig:17   | Killed an ancient lich
 67123 | Zig:17   | Killed a shard shrike
 67234 | Zig:17   | Found the +3 salamander hide armour {Flames rF++ rC--}
 67343 | Zig:17   | Lost mutation: Your body sometimes deteriorates upon taking
                  | damage. [potion of mutation]
 67343 | Zig:17   | Lost mutation: You occasionally shout uncontrollably at
                  | your foes. [potion of mutation]
 67343 | Zig:17   | Gained mutation: Your natural rate of healing is unusually
                  | fast. [potion of mutation]
 67343 | Zig:17   | Gained mutation: You passively map a small area around you.
                  | [potion of mutation]
 67343 | Zig:17   | Gained mutation: You are partially covered in iridescent
                  | scales. (AC +2) [potion of mutation]
 67344 | Zig:17   | Yay!
 67359 | Zig:18   | Entered Level 18 of a ziggurat
 67377 | Zig:18   | Found the +7 sceptre of Torment {pain, torment}
 67512 | Zig:18   | Identified the +0 cloak of Wuosemar {Will+}
 67514 | Zig:18   | Identified the +10 triple crossbow "Fetteol" {vorpal,
                  | Dex+2}
 67518 | Zig:18   | Identified the +2 leather armour of Yghe {Will- Str+4}
 67524 | Zig:18   | Identified the +7 morningstar "Feteul" {pain, rC+ rCorr
                  | Stlth+}
 67615 | Zig:19   | Entered Level 19 of a ziggurat
 67622 | Zig:19   | Noticed a Killer Klown
 67629 | Zig:19   | Noticed Dops the pandemonium lord
 67630 | Zig:19   | Noticed a Killer Klown
 67630 | Zig:19   | Noticed Guos the pandemonium lord
 67631 | Zig:19   | Noticed a Killer Klown
 67632 | Zig:19   | Noticed Joef the pandemonium lord
 67632 | Zig:19   | Noticed Pobyps the pandemonium lord
 67632 | Zig:19   | Killed a Killer Klown
 67632 | Zig:19   | Noticed Asum the pandemonium lord
 67632 | Zig:19   | Noticed Rixzo the pandemonium lord
 67633 | Zig:19   | Killed a Killer Klown
 67634 | Zig:19   | Killed Pobyps the pandemonium lord
 67634 | Zig:19   | Killed Guos the pandemonium lord
 67636 | Zig:19   | Killed Joef the pandemonium lord
 67636 | Zig:19   | Killed a Killer Klown
 67637 | Zig:19   | Reached skill level 15 in Evocations
 67639 | Zig:19   | Killed Rixzo the pandemonium lord
 67640 | Zig:19   | Killed Asum the pandemonium lord
 67641 | Zig:19   | Killed Dops the pandemonium lord
 67641 | Zig:19   | Noticed a Killer Klown
 67643 | Zig:19   | Killed a Killer Klown
 67741 | Zig:19   | Identified the ring of Takkoiss {Wiz rF+}
 67753 | Zig:19   | Identified the +11 chain mail "Yfeid" {rC- Int+2 SInv}
 67900 | Zig:20   | Entered Level 20 of a ziggurat
 68046 | Zig:20   | Identified the +1 spear of a Million Xeniums {freeze, rPois
                  | rN+++ rCorr Str-2}
 68095 | Zig:20   | Identified the +6 lajatang of Bykuis {pain, +Blink rElec
                  | Dex-2 SInv}
 68107 | Zig:20   | Identified the ring "Vamiomeu" {rN+ MP+9}
 68184 | Zig:21   | Entered Level 21 of a ziggurat
 68399 | Zig:22   | Entered Level 22 of a ziggurat
 68413 | Zig:22   | Noticed a juggernaut
 68414 | Zig:22   | Noticed a juggernaut
 68415 | Zig:22   | Noticed a juggernaut
 68415 | Zig:22   | Noticed a juggernaut
 68417 | Zig:22   | Noticed a juggernaut
 68417 | Zig:22   | Noticed a juggernaut
 68418 | Zig:22   | Noticed a juggernaut
 68420 | Zig:22   | Killed a juggernaut
 68421 | Zig:22   | Reached skill level 5 in Maces & Flails
 68421 | Zig:22   | Killed a juggernaut
 68421 | Zig:22   | Killed a juggernaut
 68421 | Zig:22   | Killed a juggernaut
 68421 | Zig:22   | Killed a juggernaut
 68432 | Zig:22   | Killed a juggernaut
 68440 | Zig:22   | Killed a juggernaut
 68597 | Zig:22   | Found the +4 Cigotuvi's embrace {rMiasma Drain rN+}
 68610 | Zig:22   | Reached skill level 10 in Maces & Flails
 68614 | Zig:22   | Identified the +3 flail "Ciyti" {flame, Contam rN++ Int+3
                  | Dex+2}
 68632 | Zig:22   | Identified the +9 arbalest of Grandeur {flame, Str+6}
 68637 | Zig:22   | Identified the ring "Curoep" {rF- MP+9 Int+3 Dex+4}
 68641 | Zig:22   | Identified the ring of Poezeim {rN+ Str+5 Dex+4 Slay-2}
 68740 | Zig:23   | Entered Level 23 of a ziggurat
 68769 | Zig:23   | Reached skill level 27 in Dodging
 68907 | Zig:23   | Identified the +5 short sword of Zisonof {freeze, rElec
                  | rCorr}
 68919 | Zig:23   | Identified the +9 shortbow "Fietwuatre" {freeze, +Blink
                  | rPois rF- Str+3}
 69046 | Zig:24   | Entered Level 24 of a ziggurat
 69073 | Zig:24   | Noticed a dread lich
 69076 | Zig:24   | Killed a dread lich
 69081 | Zig:24   | Noticed a dread lich
 69083 | Zig:24   | Killed a dread lich
 69084 | Zig:24   | Noticed an ancient lich
 69087 | Zig:24   | Killed an ancient lich
 69091 | Zig:24   | Reached skill level 27 in Fighting
 69195 | Zig:24   | Found the ring of the Mage {Wiz Archmagi}
 69291 | Zig:24   | Identified the amulet of Jiochomp {rN+ Regen+ rCorr Str-5}
 69297 | Zig:24   | Identified the ring of the Mauling Gods {rPois rN+ Dex-5
                  | Stlth+}
 69298 | Zig:24   | Identified the +1 robe "Pivu" {rCorr}
 69390 | Zig:25   | Entered Level 25 of a ziggurat
 69417 | Zig:25   | Noticed a dread lich
 69421 | Zig:25   | Killed a dread lich
 69641 | Zig:25   | Identified the +6 arbalest "Couresty" {vorpal, Dex+2}
 69645 | Zig:25   | Identified the +9 plate armour of Parts Unknown {rElec
                  | Str+6 Dex+4}
 69646 | Zig:25   | Identified the +3 leather armour of the Growing Gods {Harm
                  | Rampage Str+4 Dex+2}
 69675 | Zig:25   | Identified the +6 battleaxe "Qesk" {holy, rElec rF+ Dex-3}
 69692 | Zig:25   | Identified the ring "Sosiwk" {rF+ Dex+4}
 69800 | Zig:26   | Entered Level 26 of a ziggurat
 69814 | Zig:26   | Noticed Ihoun the pandemonium lord
 69815 | Zig:26   | Noticed Gohib the pandemonium lord
 69815 | Zig:26   | Noticed Xelof the pandemonium lord
 69816 | Zig:26   | Killed Ihoun the pandemonium lord
 69818 | Zig:26   | Killed Xelof the pandemonium lord
 69818 | Zig:26   | Noticed Wimaegi the pandemonium lord
 69820 | Zig:26   | Noticed a Killer Klown
 69824 | Zig:26   | Killed Gohib the pandemonium lord
 69825 | Zig:26   | Killed Wimaegi the pandemonium lord
 69825 | Zig:26   | Killed a Killer Klown
 69827 | Zig:26   | Noticed Qeemp the pandemonium lord
 69829 | Zig:26   | Noticed Ixtoghusk the pandemonium lord
 69829 | Zig:26   | Killed Wyjixydugg the pandemonium lord
 69831 | Zig:26   | Noticed Cisuesh the pandemonium lord
 69832 | Zig:26   | Noticed Inuigg the pandemonium lord
 69832 | Zig:26   | Killed Qeemp the pandemonium lord
 69832 | Zig:26   | Noticed a Killer Klown
 69833 | Zig:26   | Noticed Uto Van the pandemonium lord
 69834 | Zig:26   | Noticed a Killer Klown
 69835 | Zig:26   | Killed Ixtoghusk the pandemonium lord
 69835 | Zig:26   | Killed a Killer Klown
 69836 | Zig:26   | Noticed a Killer Klown
 69836 | Zig:26   | Noticed a Killer Klown
 69836 | Zig:26   | Noticed a Killer Klown
 69837 | Zig:26   | Noticed Maableasm the pandemonium lord
 69837 | Zig:26   | Noticed a Killer Klown
 69837 | Zig:26   | Killed a Killer Klown
 69837 | Zig:26   | Noticed Rutiem the pandemonium lord
 69838 | Zig:26   | Noticed Caamahuc the pandemonium lord
 69839 | Zig:26   | Killed a Killer Klown
 69839 | Zig:26   | Killed a Killer Klown
 69839 | Zig:26   | Noticed a Killer Klown
 69839 | Zig:26   | Noticed a Killer Klown
 69840 | Zig:26   | Killed a Killer Klown
 69840 | Zig:26   | Killed a Killer Klown
 69840 | Zig:26   | Killed Cisuesh the pandemonium lord
 69841 | Zig:26   | Killed a Killer Klown
 69841 | Zig:26   | Killed a Killer Klown
 69843 | Zig:26   | Killed Inuigg the pandemonium lord
 69843 | Zig:26   | Killed Caamahuc the pandemonium lord
 69844 | Zig:26   | Killed Maableasm the pandemonium lord
 69844 | Zig:26   | Noticed a Killer Klown
 69845 | Zig:26   | Noticed Xairu the pandemonium lord
 69846 | Zig:26   | Killed a Killer Klown
 69847 | Zig:26   | Noticed Leenueje the pandemonium lord
 69850 | Zig:26   | Noticed a Killer Klown
 69852 | Zig:26   | Killed Leenueje the pandemonium lord
 69852 | Zig:26   | Killed Rohaec the pandemonium lord
 69854 | Zig:26   | Killed Xairu the pandemonium lord
 69855 | Zig:26   | Killed Rutiem the pandemonium lord
 69855 | Zig:26   | Killed a Killer Klown
 69857 | Zig:26   | Noticed Ynitopp the pandemonium lord
 69860 | Zig:26   | Killed Ynitopp the pandemonium lord
 69861 | Zig:26   | Noticed a Killer Klown
 69862 | Zig:26   | Killed a Killer Klown
 69864 | Zig:26   | Killed Uto Van the pandemonium lord
 70050 | Zig:26   | Identified the ring "Rayquuda" {Fire *Corrode Will+ Str+3}
 70054 | Zig:26   | Identified the +3 scale mail of Yduhomiq {rN+}
 70058 | Zig:26   | Identified the ring of the Gnashing Queen {+Blink rElec rF+
                  | rN+ Int-5}
 70061 | Zig:26   | Identified the +7 rapier "Bat Siff" {elec, +Blink rC- Dex+4
                  | SInv}
 70065 | Zig:26   | Identified the amulet of Gomi Vant {rN+ Regen+ Int+4 Slay+2
                  | SInv}
 70193 | Zig:27   | Entered Level 27 of a ziggurat
 70205 | Zig:27   | Noticed a shard shrike
 70207 | Zig:27   | Noticed a shard shrike
 70209 | Zig:27   | Killed a shard shrike
 70211 | Zig:27   | Killed a shard shrike
 70217 | Zig:27   | Noticed a shard shrike
 70218 | Zig:27   | Killed a shard shrike
 70221 | Zig:27   | Noticed a shard shrike
 70223 | Zig:27   | Reached skill level 5 in Armour
 70227 | Zig:27   | Killed a shard shrike
 70227 | Zig:27   | Noticed a shard shrike
 70228 | Zig:27   | Killed a shard shrike
 70444 | Zig:27   | Found the +3 giant club "Skullcrusher" {speed, Str+7}
 70466 | Zig:27   | Identified the ring "Meiphex" {Wiz rPois rF- Stlth+}
 70467 | Zig:27   | Identified the ring of Starshine {Ice rN++ Dex-4}
 70477 | Zig:27   | Identified the +6 flail "Boudekuw" {speed, Int+3}
 70478 | Zig:27   | Identified the +1 mace of Uwiyrop {flame, Dex+3}
 70479 | Zig:27   | Identified the ring "Neoz" {rF+ rC+ rN+ Str+3 SInv}
 70611 | Zig:27   | Upgraded the game from 0.29-a0-914-g906f1d757c to
                  | 0.29-a0-920-g5d2155ec51
 70653 | Pan      | Entered Pandemonium
 70768 | Pan      | Noticed Wailorgh the pandemonium lord
 70771 | Pan      | Killed Wailorgh the pandemonium lord
 71014 | Pan      | Acquired the ring "Fieghep" {+Blink Int+6}
 71122 | Pan      | Noticed Keggox the pandemonium lord
 71123 | Pan      | Killed Keggox the pandemonium lord
 71264 | Pan      | Identified the ring "Qukkuwuz" {Fire +Blink rElec rPois}
 71939 | Pan      | Gained mutation: You occasionally lose the ability to drink
                  | potions when taking damage. [a neqoxec]
 71969 | Pan      | Lost mutation: You occasionally lose the ability to drink
                  | potions when taking damage. [potion of mutation]
 71969 | Pan      | Lost mutation: You passively map a small area around you.
                  | [potion of mutation]
 71969 | Pan      | Gained mutation: You are strong-willed. (Will+) [potion of
                  | mutation]
 72432 | Pan      | Found a runed translucent door.
 72446 | Pan      | Found a runed translucent door.
 72449 | Pan      | Found a runed translucent door.
 72461 | Pan      | Found a runed translucent door.
 72567 | Pan      | Entered the realm of Gloorx Vloq.
 73225 | Pan      | Noticed Gloorx Vloq
 73235 | Pan      | Killed Gloorx Vloq
 73317 | Pan      | Got a dark rune of Zot
 73627 | Pan      | Noticed Buthih the pandemonium lord
 73645 | Pan      | Killed Buthih the pandemonium lord
 73741 | Pan      | Identified the +0 pair of boots of Beogh's Fury {Dex+7}
 73744 | Pan      | Got a demonic rune of Zot
 73750 | Pan      | Entered the realm of Cerebov.
 73795 | Pan      | Found an exit through the horrors of the Abyss.
 73928 | Pan      | Identified the ring of Cimuepp {rPois rF+++ rN+ MP+9
                  | Stlth-}
 73969 | Pan      | Reached skill level 10 in Armour
 73998 | Pan      | Found the +6 sword of Cerebov {flame}
 73998 | Pan      | Noticed Cerebov
 74196 | Pan      | Killed Cerebov
 74253 | Pan      | Identified the +8 arbalest "Navaluux" {penet, Str+4 Dex-5}
 74258 | Pan      | Identified the +7 ring mail of Entitlement {Regen+ rCorr
                  | Dex-5 Slay+6}
 74287 | Pan      | Got a fiery rune of Zot
 74331 | Pan      | Identified the +3 leather armour of Yredelemnul's Esteem
                  | {rPois}
 74332 | Pan      | Identified the +6 shortbow of Arbitration {flame, rF+ rCorr
                  | Int+3 Stlth-}
 74425 | Pan      | Identified the ring "Ituoguyd" {rElec rC- rN+ Str+3 Dex-5
                  | Slay+4}
 74434 | Pan      | Identified the +4 trident of Quscho {venom, rN+}
 74584 | Pan      | Entered the realm of Lom Lobon.
 74618 | Pan      | Found an exit through the horrors of the Abyss.
 74880 | Pan      | Noticed Lom Lobon
 74888 | Pan      | Killed Lom Lobon
 74902 | Pan      | Got a magical rune of Zot
 75693 | Pan      | Entered the realm of Mnoleg.
 75848 | Pan      | Reached skill level 27 in Shields
 75927 | Pan      | Noticed Mnoleg
 75935 | Pan      | Killed Mnoleg
 76097 | Pan      | Got a glowing rune of Zot
 76526 | Depths:2 | Escaped Pandemonium
 76527 | Depths:2 | Upgraded the game from 0.29-a0-920-g5d2155ec51 to
                  | 0.29-a0-923-g6e406bff71
 76580 | Tar:1    | Entered Level 1 of Tartarus
 76964 | Tar:2    | You are sucked into a shaft and drop 1 floor!
 77556 | Tar:7    | Entered Level 7 of Tartarus
 77826 | Tar:7    | Noticed a dread lich
 77829 | Tar:7    | Killed a dread lich
 77909 | Tar:7    | Reached skill level 15 in Armour
 77975 | Tar:7    | Found the ring of the Tortoise {AC+8}
 78012 | Tar:7    | Identified the +1 battleaxe of the Beginning {freeze, Str-3
                  | Int+4 Dex+3 Stlth+}
 78034 | Tar:7    | Identified the +7 whip of the Eleven Wonders {flame, rC+
                  | rN+++ MP+9 Dex-3}
 78155 | Tar:7    | Noticed a dread lich
 78159 | Tar:7    | Killed a dread lich
 78191 | Tar:7    | Reached skill level 15 in Maces & Flails
 78219 | Tar:7    | Noticed a dread lich
 78221 | Tar:7    | Killed a dread lich
 78281 | Tar:7    | Noticed Ereshkigal
 78290 | Tar:7    | Killed Ereshkigal
 78338 | Tar:7    | Got a bone rune of Zot
 78825 | Tar:7    | Identified the +9 hand axe of Analysis {chaos, rElec rN+}
 78831 | Tar:7    | Identified the ring "Pofif" {Fire *Corrode rPois MP+9
                  | Int+2}
 79037 | Coc:1    | Entered Level 1 of Cocytus
 79040 | Coc:1    | Paralysed by a wendigo for 1 turns
 79454 | Coc:4    | Noticed a shard shrike
 79458 | Coc:4    | Killed a shard shrike
 79458 | Coc:4    | Noticed a shard shrike
 79461 | Coc:4    | Killed a shard shrike
 79705 | Coc:5    | Noticed a shard shrike
 79710 | Coc:5    | Noticed a shard shrike
 79711 | Coc:5    | Killed a shard shrike
 79711 | Coc:5    | Killed a shard shrike
 80028 | Coc:7    | Entered Level 7 of Cocytus
 80028 | Coc:7    | Noticed a shard shrike
 80033 | Coc:7    | Killed a shard shrike
 80035 | Coc:7    | Noticed a shard shrike
 80043 | Coc:7    | Killed a shard shrike
 80057 | Coc:7    | Noticed a shard shrike
 80057 | Coc:7    | Noticed a shard shrike
 80058 | Coc:7    | Noticed a shard shrike
 80058 | Coc:7    | Noticed a shard shrike
 80059 | Coc:7    | Killed a shard shrike
 80059 | Coc:7    | Killed a shard shrike
 80060 | Coc:7    | Killed a shard shrike
 80060 | Coc:7    | Killed a shard shrike
 80151 | Coc:7    | Noticed a shard shrike
 80155 | Coc:7    | Killed a shard shrike
 80160 | Coc:7    | Noticed the Serpent of Hell
 80175 | Coc:7    | Killed the Serpent of Hell
 80307 | Coc:7    | Noticed a shard shrike
 80310 | Coc:7    | Killed a shard shrike
 80352 | Coc:7    | Noticed a shard shrike
 80353 | Coc:7    | Noticed a shard shrike
 80358 | Coc:7    | Killed a shard shrike
 80360 | Coc:7    | Noticed a shard shrike
 80364 | Coc:7    | Killed a shard shrike
 80364 | Coc:7    | Killed a shard shrike
 80368 | Coc:7    | Noticed a shard shrike
 80369 | Coc:7    | Killed a shard shrike
 80416 | Coc:7    | Noticed a shard shrike
 80418 | Coc:7    | Killed a shard shrike
 80522 | Coc:7    | Noticed a shard shrike
 80530 | Coc:7    | Killed a shard shrike
 80550 | Coc:7    | Noticed a shard shrike
 80552 | Coc:7    | Noticed a shard shrike
 80556 | Coc:7    | Killed a shard shrike
 80557 | Coc:7    | Killed a shard shrike
 80852 | Coc:7    | Noticed a shard shrike
 80879 | Coc:7    | Killed a shard shrike
 81268 | Coc:7    | Noticed Antaeus
 81277 | Coc:7    | Killed Antaeus
 81433 | Coc:7    | Identified the +6 dagger of Jusoalu {freeze, Int+4}
 81438 | Coc:7    | Got an icy rune of Zot
 81929 | Geh:1    | Entered Level 1 of Gehenna
 82620 | Geh:4    | You are sucked into a shaft and drop 2 floors!
 82718 | Geh:7    | Entered Level 7 of Gehenna
 83278 | Geh:7    | Identified the +0 plate armour "Tijon" {Dex+4}
 83325 | Geh:7    | Found the +7 sceptre of Asmodeus
 83325 | Geh:7    | Noticed Asmodeus
 83337 | Geh:7    | Killed Asmodeus
 83468 | Geh:7    | Got an obsidian rune of Zot
 83571 | Geh:7    | Identified the +0 mace "Jozia" {freeze, +Blink}
 84282 | Dis:1    | Entered Level 1 of the Iron City of Dis
 84371 | Dis:1    | Noticed a dread lich
 84374 | Dis:1    | Killed a dread lich
 84768 | Dis:3    | Noticed a dread lich
 84770 | Dis:3    | Killed a dread lich
 85164 | Dis:4    | You are sucked into a shaft and drop 1 floor!
 85497 | Dis:7    | Entered Level 7 of the Iron City of Dis
 85985 | Dis:7    | Noticed a juggernaut
 85992 | Dis:7    | Killed a juggernaut
 86928 | Dis:7    | Found the +4 staff of Dispater
 86928 | Dis:7    | Noticed Dispater
 86949 | Dis:7    | Noticed a juggernaut
 86954 | Dis:7    | Killed Dispater
 86970 | Dis:7    | Killed a juggernaut
 87193 | Dis:7    | Identified the +1 great sword "Gojoo" {freeze, rC- Str+4
                  | SInv}
 87199 | Dis:7    | Got an iron rune of Zot
 87821 | Tomb:1   | Entered Level 1 of the Tomb of the Ancients
 87978 | Tomb:1   | Upgraded the game from 0.29-a0-923-g6e406bff71 to
                  | 0.29-a0-925-g0a7a3d12f8
 88055 | Tomb:1   | Noticed a royal mummy
 88060 | Tomb:1   | Killed a royal mummy
 88069 | Tomb:1   | Reached skill level 27 in Armour
 88598 | Tomb:1   | Identified the +8 rapier "Keadureti" {vorpal, Fragile
                  | +Blink Int+6}
 88854 | Tomb:2   | Noticed a royal mummy
 88854 | Tomb:2   | Noticed a royal mummy
 88856 | Tomb:2   | Noticed a royal mummy
 88856 | Tomb:2   | Noticed a royal mummy
 88857 | Tomb:2   | Killed a royal mummy
 88861 | Tomb:2   | Killed a royal mummy
 88865 | Tomb:2   | Killed a royal mummy
 88866 | Tomb:2   | Killed a royal mummy
 89404 | Tomb:1   | Noticed a royal mummy
 89408 | Tomb:1   | Killed a royal mummy
 89413 | Tomb:1   | Noticed a royal mummy
 89415 | Tomb:1   | Killed a royal mummy
 89415 | Tomb:1   | Killed a royal mummy
 89415 | Tomb:1   | Killed a royal mummy
 89428 | Tomb:1   | Noticed a royal mummy
 89430 | Tomb:1   | Killed a royal mummy
 89461 | Tomb:1   | Noticed a royal mummy
 89462 | Tomb:1   | Killed a royal mummy
 89469 | Tomb:1   | Noticed a royal mummy
 89477 | Tomb:1   | Killed a royal mummy
 89485 | Tomb:1   | Noticed a royal mummy
 89487 | Tomb:1   | Killed a royal mummy
 89556 | Tomb:1   | Noticed a royal mummy
 89559 | Tomb:1   | Killed a royal mummy
 89679 | Tomb:1   | Noticed a royal mummy
 89681 | Tomb:1   | Killed a royal mummy
 89693 | Tomb:1   | Noticed a royal mummy
 89696 | Tomb:1   | Killed a royal mummy
 89713 | Tomb:1   | Noticed a royal mummy
 89716 | Tomb:1   | Killed a royal mummy
 89716 | Tomb:1   | Noticed a royal mummy
 89719 | Tomb:1   | Killed a royal mummy
 89779 | Tomb:1   | Noticed a royal mummy
 89781 | Tomb:1   | Killed a royal mummy
 89793 | Tomb:1   | Noticed a royal mummy
 89796 | Tomb:1   | Killed a royal mummy
 90212 | Tomb:3   | Entered Level 3 of the Tomb of the Ancients
 90228 | Tomb:3   | Noticed a royal mummy
 90246 | Tomb:3   | Killed a royal mummy
 90262 | Tomb:3   | Noticed a royal mummy
 90269 | Tomb:3   | Noticed a royal mummy
 90270 | Tomb:3   | Killed a royal mummy
 90282 | Tomb:3   | Noticed a royal mummy
 90285 | Tomb:3   | Killed a royal mummy
 90285 | Tomb:3   | Killed a royal mummy
 90285 | Tomb:3   | Noticed a royal mummy
 90288 | Tomb:3   | Noticed a royal mummy
 90297 | Tomb:3   | Noticed a royal mummy
 90380 | Tomb:3   | Noticed a royal mummy
 90384 | Tomb:3   | Killed a royal mummy
 90388 | Tomb:3   | Killed a royal mummy
 90396 | Tomb:3   | Killed a royal mummy
 90397 | Tomb:3   | Killed a royal mummy
 90670 | Tomb:3   | Found the +7 captain's cutlass {speed, disarm}
 90671 | Tomb:3   | Found the +7 Spriggan's Knife {stab, EV+4 Stlth+}
 90735 | Tomb:3   | Identified the +9 long sword "Foqopp" {freeze, rF+ rC-
                  | Dex+2}
 90995 | Tomb:3   | Identified the +1 pair of gloves "Peletiol" {rN+ Str+2
                  | Int+2}
 91083 | Tomb:3   | Got a golden rune of Zot
 91727 | Depths:1 | Voluntarily entered the Abyss.
 91727 | Abyss:1  | Found a corrupted altar of Lugonu.
 91958 | Abyss:2  | Found a corrupted altar of Lugonu.
 91960 | Abyss:2  | Found a corrupted altar of Lugonu.
 91960 | Abyss:2  | Found a corrupted altar of Lugonu.
 92062 | Abyss:3  | Found a corrupted altar of Lugonu.
 92117 | Abyss:3  | Found a bloodstained altar of Trog.
 92367 | Abyss:3  | Got an abyssal rune of Zot
 92606 | Depths:1 | Escaped the Abyss
 92837 | Zot:5    | Noticed a Killer Klown
 92837 | Zot:5    | Noticed an orb of fire
 92842 | Zot:5    | Killed a Killer Klown
 92905 | Zot:5    | Gained mutation: You are frail. (-10% HP) [an orb of fire]
 92913 | Zot:5    | Killed an orb of fire
 92982 | Zot:5    | Noticed a dread lich
 92987 | Zot:5    | Killed a dread lich
 92990 | Zot:5    | Noticed a Killer Klown
 92990 | Zot:5    | Noticed a Killer Klown
 92994 | Zot:5    | Killed a Killer Klown
 92998 | Zot:5    | Killed a Killer Klown
 93030 | Zot:5    | Noticed an ancient lich
 93033 | Zot:5    | Killed an ancient lich
 93035 | Zot:5    | Noticed a dread lich
 93036 | Zot:5    | Noticed a Killer Klown
 93038 | Zot:5    | Killed a dread lich
 93040 | Zot:5    | Killed a Killer Klown
 93049 | Zot:5    | Noticed a dread lich
 93049 | Zot:5    | Noticed a Killer Klown
 93052 | Zot:5    | Killed a Killer Klown
 93052 | Zot:5    | Killed a dread lich
 93082 | Zot:5    | Noticed an orb of fire
 93091 | Zot:5    | Killed an orb of fire
 93134 | Zot:5    | Got the Orb of Zot
 93141 | Zot:5    | Noticed a seraph
 93144 | Zot:5    | Noticed a Killer Klown
 93145 | Zot:5    | Killed a seraph
 93151 | Zot:5    | Killed a Killer Klown
 93418 | Depths:1 | Noticed Cul Buri the pandemonium lord
 93421 | Depths:1 | Killed Cul Buri the pandemonium lord
 93672 | D:6      | Noticed Fimusuaw the pandemonium lord
 93675 | D:6      | Killed Fimusuaw the pandemonium lord
 93691 | D:6      | Noticed Qojaxoghai the pandemonium lord
 93701 | D:6      | Killed Qojaxoghai the pandemonium lord
 93738 | D:5      | Noticed Ykoidu the pandemonium lord
 93742 | D:5      | Killed Ykoidu the pandemonium lord
 93870 | D:$      | Escaped with the Orb!

Illustrated notes G ##...†.†..# #........ .8 #.#.###'## #####+### ..8 #....##.# ..####..#.### #$cc##.#...# $#c8Gu#.###'### #uu8c#c......# ##uccc....)..# .###c*c......# ..............# ###..c...@....# #...........# #......>....# ##########+## $ Turn 18359 on D:14: Yikes ....#......#####. ....... .... ...........# .....(>.... .... ...........# '.....>.>... .... ...........# #........ .... .8.8....)..#####........ .... ...........[............ .....)...(.............. ........................ #..#.................... ...##.......#..#..###.. ###.##......#8.#@## # #......#..#C# . ##.....#..#$## ... ##....#..#..###..... #....#..#.......... #....#.8####....... ######.⌠8 D...... #... ....... D...... ....$.. .....$. Turn 42047 on Depths:1: Woot!

...##.......####'#########'##
..#.#.......# #.# #.#
.#..#.#####.# #.# #.#
#...#§#####.####.# #.#
...##§§≈≈≈#.'.##.# #.#
..#.#.§§≈≈#.#.##.#########.#
.#..#§≈≈≈≈#.#..............#
#...#.≈≈≈≈#.#<##.########..#
...##.≈≈≈≈#.#.##.# ##.#
..#.#..≈≈≈#.#.##.### #.#
.#..#..####.#...@..# #.#
#...#.......##.###+#######'##
.......##'####.##.........<.#
#......##.# #.##...........#
#########.# #.##...........#
#.# #.##...........#
#.####.##...........#
#.#.....'...........#
#.#.##.##....^......#
#......##...........#
#########.....>.....#


Turn 45978 on Depths:3: argh .. #....#.#°#. $ ...#....#°°#e ..§#§§§§#§#.
..°§§§e§§§§ ##§§§§E§§§##### ..§§§E§§§§§§§.. ..§§§§§§§§§§§.. .$§§§§§@§§§§§..
..§§§§§§§§§§§.. ##§§§§§§§§##### ..§§§§§§§§§. .$p#§§§§#§#$# .. #§§§§#.#$# .
#....#.# # $ #....#.# Turn 48086 on Vaults:5: Yeehah ▓▓▓ ▓▓▓▓▓▓.▓▓▓▓▓▓
▓▓▓.....@.....▓▓▓ ▓▓...............▓▓ ▓▓▓.................▓▓▓
▓▓...#.............#...▓▓ ▓.......................▓ ▓▓..##.##.........##.##..▓▓
▓.........................▓ ▓▓.....#.............#.....▓▓
▓...........................▓ ▓...........................▓
▓.................)......}:}▓ Turn 67344 on Zig:17: Yay!

Levels and vault maps discovered:
D:1:      dpeg_chamrin_arrival_tetris, layout_basic,
          shapermc_ecumenical_altar_starsandcircs, roderic_roman_lattice
D:2:      layout_loops_ring
D:3:      layout_basic, mainiacjoe_overflow_chevrons, uniq_robin,
          uniq_crazy_yiuf_cottage
D:4:      layout_gridville, nicolae_overflow_hidden_temple
D:5:      minmay_thick_lines, layout_gridville,
          nicolae_hepliaklqana_hazy_memory, minmay_temple_entry_large_hall,
          uniq_prince_ribbit1
D:6:      layout_cave_pools, minmay_crossroads
D:7:      layout_cave_pools, trog_hazing_becter, uniq_maggie
D:8:      layout_gridville
D:9:      layout_irregular_city
D:10:     layout_cave_pools, mainiacjoe_overflow_alcove_4,
          chequers_serial_rivers_micro_c
D:11:     layout_basic, dpeg_lair_monsters, enter_trove_5,
          gauntlet_entry_generic, grunt_ministairs_2, lemuel_nasty_fountain
D:12:     layout_cave_pools, zombieorc2_lemuel, dancing_weapons_uskayaw
D:13:     minmay_chambers_of_sevens, layout_rooms, david_vaults_5
D:14:     layout_roguey [special_room_bee], serial_bayou_pond_c, minmay_bent
D:15:     grunt_enter_depths_magical_seal, layout_layer_cave,
          hangedman_decor_diamond_cutter, serial_bayou_lagoon_a
Temple:   regret_index_temple_sphere_string
Lair:1:   layout_regular_city, nicolae_lair_lakeside_cave
Lair:2:   layout_hall_layers, guppyfry_snake_entry_garden,
          bobbens_dragon_lair_wall, serial_bayou_shore_a,
          infiniplex_staircase_pool, grunt_megastairs_2
Lair:3:   layout_chaotic_city, skrybe_swamp_entry_bodies,
          grunt_forest_stairs_clearing, grunt_megastairs_4, lemuel_fruit_fields,
          serial_bayou_shore_b, serial_bayou_shore_b, lemuel_fruit_tree
Lair:4:   layout_loops_ring, slime_entry_1, kilobyte_rumbling_trees
Lair:5:   evilmike_catoblepas_cave, layout_small_grid, grunt_megastairs_1
Swamp:1:  layout_falls_marsh, evilmike_swamp_ruin_house_2
Swamp:2:  layout_falls_marsh, nicolae_swamp_feature_on_the_river_bank
Swamp:3:  layout_falls_marsh, hangedman_swamp_diagram
Swamp:4:  swamp_alternative, layout_basic_swamp, swamp_pool4, uniq_donald
Snake:1:  nrook_guardian_serpent_snake_passage, layout_gridlike
Snake:2:  layout_chambers, ebering_ghost_reflecting_pool, serial_bayou_shore_b,
          uniq_aizul
Snake:3:  layout_cave_town, st_stairs_8, nicolae_elevator_lobby_plus
Snake:4:  hellmonk_snake_rune_quicksilver_temple, layout_layer_cave,
          basic_altar, nicolae_triple_integral, minmay_shop_grove
Slime:1:  layout_caves
Slime:2:  layout_caves, basic_altar
Slime:3:  layout_caves
Slime:4:  layout_caves, dissolution_awaits
Slime:5
Orc:1:    layout_caves, serial_shops, shop, uniq_sonja, uniq_fannar
Orc:2:    grunt_orc_cross, layout_diamond_mine
Elf:1:    minmay_elf_arrival_summoners, layout_loops_cross, minmay_elf_sorcery,
          uniq_frances
Elf:2:    elven_hall_of_blades_hangedman_original
          [nicolae_vaults_blade_armed_guards], layout_onion_city,
          gammafunk_ghost_fury_of_okawaru, solitary_fountain, david_greed
Elf:3:    elf_hall, layout_geoelf_octagon
Vaults:1: vaults_standard_mumra_lines, nicolae_vaults_network_star,
          hangedman_vaults_impose, ontoclasm_vaults_tryst, v_misc_9,
          layout_vaults_quadrants
Vaults:2: gammafunk_ghost_necromancy, nicolae_vaults_ninety_degrees,
          ontoclasm_vaults_ligature, hangedman_vaults_nodes, v_misc_32,
          nicolae_vaults_diagonal_hallway_8, v_misc_8, dpeg_vaults_monster_row,
          vaults_standard_mumra_x, special_room_vaults [special_room_orc],
          vaults_dpeg_ring, layout_vaults_chaotic_city, serial_shops,
          nicolae_shop_hallway_stairs, uniq_mara
Vaults:3: vaults_room_pool, nicolae_vaults_network_quinsquares
          [nicolae_vaults_network_quincunx_subvault,
          nicolae_vaults_network_quincunx_subvault,
          nicolae_vaults_network_quincunx_subvault,
          nicolae_vaults_network_quincunx_subvault],
          nicolae_vaults_specimen_jars, minmay_crypt_entry_necro_gods,
          vaults_room_fancy_cross, vaults_room_corners,
          ontoclasm_vaults_shuriken, ontoclasm_vaults_hangar,
          nicolae_vaults_network_s, nicolae_vaults_rhombus_6,
          vaults_room_hangedman_quadrants, grunt_vaults_swirl,
          layout_vaults_omnicross
Vaults:4: v_misc_8, st_diamondy, grunt_vaults_diagonal, vaults_room_pools,
          nicolae_vaults_circle_grid_a, nicolae_vaults_alarming,
          v_alt_pattern_3, ontoclasm_vaults_spin, v_misc_4,
          hangedman_vaults_stagger, vaults_room_corners,
          nicolae_vaults_little_squares_3, nicolae_vaults_what_the_h,
          layout_vaults_omnibox, serial_shops, shop
Vaults:5: serial_shops
Crypt:1:  layout_gridlike, mu_enter_wizlab_4, minmay_misc_feat_ornament,
          uniq_mennas
Crypt:2:  layout_misc_corridors, uniq_xtahua
Crypt:3:  quadcrypt_mu, uniq_grunn
Tomb:1
Tomb:2
Tomb:3
Depths:1: layout_big_octagon, chequers_decorated_corner, serial_column_ruins,
          column_ruins_portal_astroid, column_ruins_hut, column_ruins_grid_3,
          column_ruins_columns_straight, column_ruins_columns_corner,
          column_ruins_grid_3, column_ruins_grid_1, column_ruins_open_tiny,
          abyss_entry, hellmouth_1, hangedman_aerie_drop
Depths:2: hangedman_pleasuredromes, hell_entry, pan_entry, uniq_asterion
Depths:3: minmay_textured_paths, layout_gridlike, abyss_entry_crystal,
          serial_shops, shop, minmay_staircase_windowed_small,
          pf_hell_entry_tar_spiral, minmay_fractal_squares_diagonal_5,
          serial_bayou_shore_b
Depths:4: grunt_zot_entry_pinwheel, layout_gridlike,
          nicolae_hell_entry_hellmouth_sunbeams, grunt_pan_entry_spiral,
          ebering_ghost_reflecting_pool, minmay_misc_feat_pillars
Hell
Dis:1:    lightli_tower_of_babel
Dis:2:    layout_subdivisions
Dis:3:    layout_regular_city
Dis:4:    layout_subdivisions
Dis:5:    layout_gridville
Dis:6:    layout_jigsaw, nicolae_dis_scattering
Dis:7:    dis_hangedman
Geh:1:    layout_gehenna_lava_caves, lemuel_flamethrower_3
Geh:2:    layout_gehenna_pools_box
Geh:3:    layout_gehenna_pools_box, nicolae_geh_fiery_graves
          [nicolae_geh_single_fiery_grave, nicolae_geh_single_fiery_grave,
          nicolae_geh_single_fiery_grave, nicolae_geh_single_fiery_grave,
          nicolae_geh_single_fiery_grave, nicolae_geh_single_fiery_grave,
          nicolae_geh_single_fiery_grave, nicolae_geh_single_fiery_grave,
          nicolae_geh_single_fiery_grave]
Geh:4:    layout_gehenna_lava_caves
Geh:6:    layout_gehenna_pools_triple, nicolae_geh_rippling_lava
Geh:7:    geh_grunt
Coc:1:    layout_cocytus_water_paths
Coc:2:    layout_cocytus_water_paths
Coc:3:    layout_ice_bergs
Coc:4:    nicolae_coc_cocytus_crossing, layout_cocytus_delve,
          nicolae_hells_hurtin_island
Coc:5:    layout_cocytus_water_paths
Coc:6:    layout_cocytus_delve
Coc:7:    coc_grunt_cove [coc_grunt_cove_antaeus, coc_grunt_cove_fiend,
          coc_grunt_cove_fiend, coc_grunt_cove_fiend, coc_grunt_cove_fiend]
Tar:1:    layout_grid_maze
Tar:2:    layout_catacombs, nicolae_tar_cuneiform_two
Tar:3:    layout_honeycomb
Tar:4:    hangedman_mysterious_dungeon_monster_house
Tar:5:    layout_honeycomb
Tar:6:    layout_grid_maze, nicolae_tar_stay_or_leave
Tar:7:    tar_old
Zot:1:    cheibrodos_zot_enchanting_chambers, layout_cellular_growth,
          grunt_ministairs_10
Zot:2:    layout_basic, skrybe_zot_glass_2
Zot:3:    layout_basic, nicolae_transporter_intersection
Zot:4:    layout_misc_corridors
Zot:5:    layout_gridlike

Skill      XL: |  1  2  3  4  5  6  7  8  9 10 11 12 13 14 15 16 17 18 19 20 21 22 23 24 25 26 27 |
---------------+----------------------------------------------------------------------------------+-----
Spellcasting   | 4 5 6 7 8 10 11 13 14 16 17 18 19 20 21 22 23 24 25 27 | 27.0
Stealth        | 2 3 4 5 |  5.5
Dodging        | 3 4 5 6 7 8 12 13 17 18 27 | 27.0
Fighting       | 1 3 6 7 9 10 11 12 13 16 19 20 21 27 | 27.0
Armour         | 1 27 | 27.0
Shields        | 4 6 8 27 | 27.0
Long Blades    | 1 |  1.1
Evocations     | 1 26 | 26.5
Maces & Flails | 4 20 | 20.9
Throwing       | 20 | 20.7
Short Blades   | |  0.9
Axes           | |  0.7
Polearms       | |  0.8
Staves         | |  0.8
Ranged Weapons | |  0.3
Unarmed Combat | |  0.7
Invocations    | |  0.7

Action                   |  1- 3 |  4- 6 |  7- 9 | 10-12 | 13-15 | 16-18 | 19-21 | 22-24 | 25-27 || total
-------------------------+-------+-------+-------+-------+-------+-------+-------+-------+-------++-------
Melee: Hand axe          |       |     5 |     1 |       |       |       |       |       |       ||     6
       Mace              |       |       |       |       |       |       |       |       |    70 ||    70
       Demon whip        |       |       |       |       |       |       |       |       |  1327 ||  1327
       Whip              |       |       |       |       |       |       |       |       |    17 ||    17
 Cast: Magic Dart        |    64 |    99 |   100 |   121 |   299 |   116 |    16 |     4 |     5 ||   824
       Searing Ray       |     1 |     6 |    18 |    26 |       |       |       |       |     1 ||    52
       Fulminant Prism   |       |    10 |    27 |    93 |   122 |    94 |    11 |     3 |    45 ||   405
       Passwall          |       |     1 |       |       |       |       |       |       |       ||     1
       Iskenderun's Myst |       |       |       |    38 |    78 |    56 |     3 |    29 |   513 ||   717
       Iskenderun's Batt |       |       |       |       |    56 |    28 |     2 |     2 |     4 ||    92
       Summon Cactus Gia |       |       |       |       |     1 |     3 |       |    10 |    26 ||    40
       Cause Fear        |       |       |       |       |     1 |     1 |       |       |       ||     2
       Ozocubu's Refrige |       |       |       |       |       |   264 |   469 |   354 |  1001 ||  2088
       Discord           |       |       |       |       |       |       |     3 |     3 |     8 ||    14
       Malign Gateway    |       |       |       |       |       |       |       |     3 |    20 ||    23
       Portal Projectile |       |       |       |       |       |       |       |     1 |     1 ||     2
       Polar Vortex      |       |       |       |       |       |       |       |       |   118 ||   118
       Fire Storm        |       |       |       |       |       |       |       |       |  1321 ||  1321
       Beastly Appendage |       |       |       |       |       |       |       |       |     2 ||     2
Invok: Call Merchant     |       |       |       |       |       |       |       |       |     4 ||     4
       Potion Petition   |       |       |       |       |       |       |       |       |    47 ||    47
 Abil: End Transformatio |       |       |       |       |       |       |       |       |     3 ||     3
Evoke: Wand              |       |       |       |       |       |       |       |       |     9 ||     9
       Condenser vane    |       |       |       |       |       |       |       |       |     1 ||     1
  Use: Scroll            |       |       |     6 |     5 |     3 |     8 |     5 |       |    37 ||    64
       Potion            |       |       |       |     3 |       |       |       |     1 |    37 ||    41
 Stab: Distracted        |       |       |       |       |       |       |       |       |    23 ||    23
       Invisible         |       |       |       |       |       |       |       |       |     1 ||     1
       Sleeping          |       |       |       |       |       |       |       |       |     1 ||     1
Armor: Robe              |       |     2 |    10 |       |       |    24 |     2 |     4 |   114 ||   156
       Steam dragon scal |       |       |     1 |    23 |    22 |       |       |       |       ||    46
       Chain mail        |       |       |       |       |     4 |       |       |       |       ||     4
Dodge: Dodged            |     3 |    12 |    22 |    36 |    18 |    35 |    10 |    41 |   926 ||  1103
Block: Kite shield       |       |       |       |       |       |    13 |     9 |    18 |   143 ||   183
       Tower shield      |       |       |       |       |       |       |       |       |  1677 ||  1677

Table legend: (Time is in decaauts)
 A = Elapsed time spent in this place.
 B = Non-inter-level travel time spent in this place.
 C = Inter-level travel time spent in this place.
 D = Time resting spent in this place.
 E = Time spent auto-exploring this place.
 F = Levels seen in this place.
 G = Mean time per level.
                   A        B        C        D        E       F      G
               +--------+--------+--------+--------+--------+-----+--------+
         Total |  92939 |  84318 |   8621 |   9194 |  51706 | 141 |  659.1 |
       Dungeon |  14916 |  11839 |   3077 |    785 |   8382 |  15 |  994.4 |
        Temple |    179 |    150 |     29 |      0 |    135 |   1 |  179.0 |
          Lair |   6084 |   5398 |    686 |    459 |   3775 |   5 | 1216.8 |
         Swamp |   3251 |   3070 |    181 |    116 |   2577 |   4 |  812.8 |
     Snake Pit |   5494 |   5326 |    168 |    265 |   4454 |   4 | 1373.5 |
    Slime Pits |   1213 |   1126 |     87 |    394 |     58 |   5 |  242.6 |
  Orcish Mines |   1963 |   1667 |    296 |    313 |    804 |   2 |  981.5 |
   Elven Halls |   3735 |   3463 |    272 |    418 |   2382 |   3 | 1245.0 |
        Vaults |   9658 |   8725 |    933 |    983 |   6574 |   5 | 1931.6 |
         Crypt |   3798 |   3277 |    521 |    109 |   2527 |   3 | 1266.0 |
          Tomb |   3435 |   3115 |    320 |    823 |   1749 |   3 | 1145.0 |
        Depths |   7928 |   6836 |   1092 |   1091 |   4309 |   4 | 1982.0 |
          Hell |   1064 |    888 |    176 |    100 |    617 |   1 | 1064.0 |
           Dis |   2875 |   2775 |    100 |    877 |    399 |   7 |  410.7 |
       Gehenna |   2315 |   2254 |     61 |    317 |   1107 |   6 |  385.8 |
       Cocytus |   2842 |   2817 |     25 |    282 |   1752 |   7 |  406.0 |
      Tartarus |   2282 |   2170 |    112 |    193 |    837 |   7 |  326.0 |
           Zot |   6831 |   6355 |    476 |   1098 |   3899 |   5 | 1366.2 |
         Abyss |    776 |    776 |      0 |      0 |     30 |   4 |  194.0 |
   Pandemonium |   5374 |   5374 |      0 |    214 |   1383 |  21 |  255.9 |
      Ziggurat |   5452 |   5452 |      0 |    139 |   3455 |  27 |  201.9 |
        Wizlab |    865 |    865 |      0 |    134 |    383 |   1 |  865.0 |
      Gauntlet |    597 |    597 |      0 |     81 |    117 |   1 |  597.0 |
               +--------+--------+--------+--------+--------+-----+--------+

Top non-repeatable levels by time:
Vaults:2: 2535 daAuts
Vaults:4: 2398 daAuts
Depths:2: 2347 daAuts
 Crypt:3: 2222 daAuts
Depths:1: 2160 daAuts
    D:15: 2129 daAuts
 Snake:4: 1983 daAuts
Depths:4: 1962 daAuts
   Coc:7: 1852 daAuts
   Dis:7: 1808 daAuts
Vaults:3: 1771 daAuts
  Tomb:1: 1734 daAuts
    D:14: 1724 daAuts
  Lair:5: 1644 daAuts
Vaults:1: 1642 daAuts
